 Dungeon Crawl Stone Soup version 0.13.1-19-g4b9377e (console) character file.

320256 sexyfairydreams the Slayer (level 20, -5/178 HPs)
             Began as a Mummy Chaos Knight on Dec 24, 2013.
             Was a Favourite Plaything of Xom.
             Slain by a great mace of protection (24 damage)
             ... in the Hall of Blades.
             The game lasted 02:23:26 (205707 turns).

sexyfairydreams the Slayer (Mummy Chaos Knight)   Turns: 205707, Time: 02:23:27

HP  -5/178       AC 50     Str 21      XL: 20   Next: 46%
MP  33/33        EV  8     Int 14      God: Xom
Gold 6878        SH  0     Dex 11      Spells:  0 memorised, 19 levels left

Res.Fire  : + + .   See Invis. : +   t - lantern of shadows
Res.Cold  : + . .   Warding    : .   Q - +12 crystal plate armour of Juihol {+Blink Dam+2}
Life Prot.: + + +   Conserve   : .   (no shield)
Res.Poison: +       Res.Corr.  : .   T - +2 helmet {Int+3}
Res.Elec. : .       Clarity    : .   V - +3 cloak of Flash {+Fly EV+4}
Sust.Abil.: . .     Spirit.Shd : .   W - +2 pair of gloves of the Eight Seas {+Rage rF++ SInv}
Res.Mut.  : .       Rnd.Telep. : +   g - +2 pair of dwarf boots {run}
Res.Rott. : +       Flight     : .   f - amulet "Kuowk" {Faith rPois rF+ SInv}
Saprovore : . . .                    n - ring "Zezeliw" {+Fly Dam+5 SInv}
                                     r - ring of teleportation

@: confused, quick, very resistant to hostile enchantments, extremely unstealthy
A: no food or potions, fire vulnerability, in touch with death, restore body,
cold resistance 1, life protection 3, poison resistance, torment resistance,
unbreathing
a: Self-Restoration, Renounce Religion, Evoke Blink, Evoke Berserk Rage, Evoke
Flight, Evoke Teleportation
}: 2/15 runes: serpentine, barnacled


You were in the Hall of Blades.
You worshipped Xom.
You were a special plaything of Xom.
You were not hungry.

You visited 8 branches of the dungeon, and saw 49 of its levels.
You visited the Abyss 1 time.
You also visited: Labyrinth, Trove, Bailey and Ice Cave.

You collected 9580 gold pieces.
You spent 2722 gold pieces at shops.

Inventory:

Hand weapons
 a - a +7,+8 lajatang of speed
 k - the cursed +9,+9 Staff of Wucad Mu
   (You found it on level 2 of the Lair of Beasts)

   It has a curse placed upon it.
 D - the +0,+0 Staff of Olgreb {rPois}
   (You found it in a labyrinth)

   It protects you from poison.
 F - a +0,+0 lajatang
Armour
 g - a +2 pair of dwarven boots of running (worn)
 Q - the +12 crystal plate armour of Juihol (worn) {+Blink Dam+2}
   (You found it in a treasure trove)

   It affects your damage-dealing abilities (+2).
   It lets you blink.
 T - a +2 helmet of intelligence (worn)
 V - the +3 cloak of Flash (worn) {+Fly EV+4}
   (You found it in a treasure trove)

   It affects your evasion (+4).
   It lets you fly.
 W - the +2 pair of gloves of the Eight Seas (worn) {+Rage rF++ SInv}
   (You found it in a treasure trove)

   It greatly protects you from fire.
   It enhances your eyesight.
   It lets you go berserk.
Magical devices
 q - a wand of heal wounds (0)
 s - a wand of fire (7)
 u - a wand of heal wounds (7)
 v - a wand of teleportation (3)
 y - a wand of cold (9)
 z - a wand of teleportation (4)
 A - a wand of teleportation (2)
 E - a wand of disintegration (3)
 I - a wand of fire (8)
Scrolls
 e - 2 scrolls of fog
 h - 2 scrolls of teleportation
 m - a scroll of fear
 p - a scroll of torment
 O - 3 scrolls of remove curse
 S - 2 scrolls of identify
Jewellery
 f - the amulet "Kuowk" (around neck) {Faith rPois rF+ SInv}
   (Xom gifted it to you on level 1 of the Dungeon)

   [amulet of faith]

   It protects you from fire.
   It protects you from poison.
   It enhances your eyesight.
 l - an uncursed amulet of resist mutation
 n - the ring "Zezeliw" (right hand) {+Fly Dam+5 SInv}
   (You found it on level 9 of the Dungeon)

   [ring of flight]

   It affects your damage-dealing abilities (+5).
   It enhances your eyesight.
 o - a +5,+5 ring of slaying
 r - a ring of teleportation (left hand)
 w - an uncursed ring of fire
 B - a cursed amulet of resist corrosion
 G - an uncursed amulet of conservation
 H - a cursed ring of sustain abilities
 M - an uncursed ring of protection from cold
 P - an uncursed ring of teleport control
 U - the ring "Shroykat" {Contam +Fly rPois MR++}
   (You found it on level 2 of the Shoals)

   [ring of flight]

   It protects you from poison.
   It affects your resistance to hostile enchantments.
   It causes magical contamination when unequipped.
 X - an uncursed amulet of clarity
Miscellaneous
 i - a fan of gales (inert)
 t - a lantern of shadows (in hand)
 x - a fan of gales (inert)
 R - a disc of storms
Rods
 b - a +9 rod of frigid destruction (9/9)
   (You acquired it on level 4 of the Lair of Beasts)
 c - a cursed +2 rod of the swarm (11/11)
   (Xom gifted it to you in the Ecumenical Temple)
 d - a +4 rod of the swarm (10/10)
   (Xom gifted it to you on level 14 of the Dungeon)
 C - a +8 rod of inaccuracy (14/14)
   (You found it in a labyrinth)


   Skills:
 + Level 23.0 Fighting
   Level 10.7 Polearms
 - Level 15.0 Staves
 - Level 14.1 Armour
 - Level 0.7 Dodging
 - Level 11.4 Evocations


You had 19 spell levels left.
You didn't know any spells.

Dungeon Overview and Level Annotations

Branches:
Dungeon (22/27)            Temple (1/1) D:6             Orc (4/4) D:11
    Elf (0/3) Orc:4          Lair (8/8) D:8          Shoals (5/5) Lair:6
  Snake (5/5) Lair:6        Slime (0/6) Lair:7       Vaults (3/5) D:16
  Blade (1/1) Vaults:3      Crypt (0/5) Vaults:2

Altars:
Ashenzari
Cheibriados
Elyvilon
Fedhas
Kikubaaqudgha
Makhleb
Nemelex Xobeh
Okawaru
Trog
Vehumet
Xom
Yredelemnul
Zin
the Shining One
Jiyva

Shops:
D:11 ?   D:14 [   D:16 (   D:21 /(?[   Orc:3 }(/(!   Orc:4 [==(   Vaults:1 [
Vaults:2 (

Portals:
Hell: D:21 D:22
Abyss: D:21 D:22
Pandemonium: D:21

Annotations:
D:10 exclusion: statue
Lair:2 exclusion: 3 oklob plants


Innate Abilities, Weirdness & Mutations

You do not eat or drink.
Your flesh is vulnerable to fire.
You are in touch with the powers of death.
You can restore your body by infusing magical energy.
Your flesh is cold resistant.
You are immune to negative energy.
Your system is resistant to poisons.
You are immune to unholy pain and torment.
You can survive without breathing.


Message History

The glowing great mace completely misses you.
The war axe of electrocution hits you but does no damage.
The runed great mace hits you.
* * * LOW HITPOINT WARNING * * *
Your air elemental misses the glowing great mace.
Your air elemental hits the glowing great mace but does no damage.
Unknown command.
Unknown command.
Unknown command.
Evoke which item? (* to show all) (? for menu, Esc to quit)
Zapping:
u - a wand of heal wounds (8)
Press: ? - help, Shift-Dir - straight line, f - you Nothing appears to happen.
This wand has 7 charges left.
Your air elemental hits the glowing great mace but does no damage.
An air elemental merges itself into the air.
An air elemental forms itself from the air!
The war axe of electrocution hits you but does no damage.
The glowing great mace hits you!
You die...
Xom snickers!

..# #..
.....###....
.......#......
.....(..........
.................
................
.....E(@...#
#...EE((###
##...E.##
###.......#
#....)......#
...................
..................
#.................
##..##.##..#..##.


You could see 4 dancing weapons and 4 friendly air elementals.

Vanquished Creatures
  Sojobo (Vaults:2)
  Margery (Shoals:5)
  Lamia (Snake:4)
  Mara (Snake:3)
  Jory (Snake:5)
  A kraken (Shoals:4)
  A sphinx (Vaults:2)
  A shadow dragon (D:22)
  Kirke (D:16)
  2 tengu reavers
  Donald (Orc:4)
  Maud (Shoals:1)
  A fire giant (Shoals:5)
  Aizul (D:16)
  A deep elf sorcerer (Vaults:2)
  5 greater nagas (Snake:5)
  A balrug (Abyss:1)
  2 vault wardens
  7 stone giants
  A vampire knight (Vaults:2)
  7 merfolk javelineers
  A deep elf annihilator (Vaults:2)
  Snorg (Snake:1)
  An ettin (Vaults:3)
  6 merfolk impalers (Shoals:5)
  A minotaur (Lab)
  A vault guard (D:15)
  6 dragons
  3 great orbs of eyes
  9 yaktaur captains
  An ironheart preserver (Vaults:2)
  7 sirens
  Fannar (Orc:2)
  8 merfolk aquamancers
  The ghost of Soadreqm the Eclecticist, a powerful DEWz of Vehumet (D:14)
  3 anacondas
  Nessos (Shoals:1)
  2 ravenous feature mimics
  14 hydras
  An ice dragon (Vaults:2)
  2 alligator snapping turtles
  An alligator (Shoals:5)
  17 ogre magi
  2 rakshasas
  A deep troll shaman (D:22)
  3 death yaks (Lair:8)
  15 naga warriors
  4 fire crabs
  23 centaur warriors
  A soul eater (Shoals:3)
  Urug (Orc:2)
  2 very ugly things
  4 dancing weapons (Blade)
  Nergalle (Lair:2)
  A storm dragon zombie (Vaults:1)
  2 sun demons
  8 skeletal warriors
  An ice devil (Lair:7)
  An iron troll (Vaults:2)
  3 deep elf knights
  4 deep trolls
  2 giant orange brains (shapeshifter)
  Erolcha (D:9)
  6 hell knights (Shoals:5)
  11 sea snakes
  2 lindwurms
  2 flayed ghosts
  A shadow wraith (Vaults:2)
  3 unseen horrors
  3 ice statues (IceCv)
  9 ironbrand convokers
  11 harpies
  4 giant amoebae
  A large abomination (Abyss:1)
  Joseph (D:8)
  3 oklob plants (Lair:4)
  A harpy (shapeshifter) (Lair:1)
  A wolf spider zombie (D:20)
  13 cyclopes
  4 wolf spiders
  2 necromancers
  A sixfirhy (Vaults:2)
  5 stone giant zombies
  2 orc sorcerers
  14 hill giants
  3 red wasps
  3 griffons
  A fire giant zombie (Vaults:1)
  A moth of wrath (Snake:4)
  2 spiny worms
  A deep elf conjurer (D:19)
  6 elephants
  11 orc knights
  Maurice (Orc:1)
  A stone golem (Vaults:1)
  8 stone giant skeletons
  5 vault sentinels
  2 fire giant skeletons (Vaults:1)
  8 spiny frogs
  33 black mambas
  Psyche (D:9)
  A spiny frog (shapeshifter) (Vaults:2)
  A spriggan druid (Lair:5)
  An efreet (D:16)
  An elf (shapeshifter) (D:20)
  A queen ant (Lair:4)
  2 iron troll zombies
  23 naga magi
  A fire drake (shapeshifter) (D:19)
  28 yaktaurs
  5 fire drakes
  A deep elf priest (Vaults:1)
  12 mermaids
  A blue devil (Shoals:3)
  8 komodo dragons
  An orb spider (D:22)
  A hydra zombie (D:13)
  A harpy zombie (D:15)
  An iron troll skeleton (Vaults:2)
  A giant firefly (shapeshifter) (D:21)
  Sonja (D:16)
  2 wandering mushrooms
  3 polar bears
  18 trolls
  2 harpy skeletons
  A raven (Lair:3)
  38 two-headed ogres
  2 frost giant simulacra
  A boulder beetle (shapeshifter) (D:22)
  11 snapping turtles
  A baby alligator (Snake:1)
  4 deep elf magi
  41 slime creatures
  5 boulder beetles
  A sphinx simulacrum (D:21)
  3 basilisks
  5 blink frogs
  3 ettin zombies
  11 sharks
  5 air elementals (Vaults:2)
  81 ugly things
  2 ettin skeletons (Vaults:1)
  A griffon skeleton (D:17)
  A hog (shapeshifter) (Vaults:1)
  26 water elementals
  20 hippogriffs
  36 merfolk
  A redback (shapeshifter) (D:14)
  2 grizzly bears
  A ynoxinul (D:6)
  A human (shapeshifter) (Vaults:1)
  3 elephant slugs
  2 hill giant zombies
  3 hogs (D:16)
  A wraith (D:17)
  6 shadows
  Eustachio (D:9)
  A human (D:16)
  A fire elemental (Vaults:2)
  2 hungry ghosts
  5 steam dragons
  Grum (D:9)
  33 yaks
  4 vampires
  5 wyverns
  A hill giant skeleton (D:9)
  3 deep elf fighters
  Edmund (Orc:1)
  3 mottled dragons
  A deep troll zombie (D:22)
  Menkaure (D:4)
  A rock worm (Vaults:2)
  23 vampire mosquitoes
  A steam dragon (shapeshifter) (D:7)
  15 manticores
  A necrophage (D:17)
  11 ice beasts
  31 wolves
  A deep dwarf (D:11)
  6 soldier ants
  2 black bears
  2 hell hounds (Lair:8)
  36 orc warriors
  2 deep troll skeletons
  2 sky beasts
  6 freezing wraiths
  80 nagas
  4 giant goldfish
  8 porcupines
  A yellow wasp (D:11)
  60 ogres
  A black bear (shapeshifter) (Vaults:2)
  3 boring beetles
  3 phantoms
  12 crocodiles
  37 centaurs
  A yaktaur zombie (D:20)
  14 wargs
  A draconian (shapeshifter) (D:22)
  2 giant slugs (shapeshifter)
  2 big kobolds
  46 water moccasins
  13 giant slugs
  2 brain worms
  A manticore zombie (D:13)
  20 giant frogs
  A cyclops zombie (D:15)
  10 agate snails
  3 cyclops skeletons
  2 boulder beetle zombies
  A yaktaur skeleton (D:19)
  A troll zombie (D:12)
  An elf zombie (D:17)
  2 giant goldfish zombies (D:5)
  A yak zombie (D:12)
  A jellyfish (Lair:3)
  5 jellies
  26 killer bees
  11 electric eels
  A yak skeleton (D:14)
  19 quasits
  7 wights
  2 centaur zombies
  2 giant frog zombies (D:5)
  22 crimson imps
  A spider (Lair:4)
  A centaur skeleton (D:4)
  15 hounds
  A two-headed ogre zombie (D:8)
  3 big fish
  A giant frog skeleton (D:6)
  2 grizzly bear simulacra (Lair:7)
  9 iguanas
  2 scorpions
  11 iron imps
  43 orc wizards
  27 orc priests
  18 worker ants
  A boulder beetle simulacrum (Vaults:2)
  18 sheep
  5 goliath beetles
  A big kobold zombie (D:15)
  A big kobold skeleton (D:13)
  A crocodile skeleton (D:8)
  A hound skeleton (D:5)
  4 boggarts
  2 mummies (D:17)
  A worker ant zombie (D:6)
  25 green rats
  6 hound simulacra (Lair:7)
  18 lemures
  52 adders
  11 shadow imps
  9 giant centipedes
  4 giant mites
  10 white imps
  10 worms
  10 ufetubi
  A scorpion zombie (D:11)
  A giant centipede zombie (D:15)
  2 grey rats
  An adder skeleton (D:3)
  4 giant eyeballs
  8 giant geckos
  189 orcs
  3 sheep simulacra (Lair:7)
  27 goblins
  28 hobgoblins
  31 jackals
  33 kobolds
  An ooze (D:1)
  12 quokkas
  7 ball pythons
  41 bats
  12 giant cockroaches
  A giant cockroach zombie (D:6)
  A giant gecko skeleton (D:4)
  14 giant newts
  2 giant spores
  3 goblin skeletons
  2 human zombies (D:17)
  7 illusory rakshasas
  2 kobold skeletons (D:5)
  An orc skeleton (D:6)
  2 orc zombies
  A quokka zombie (D:5)
  38 rats
  6 spectral orcs (Lair:2)
  6 ballistomycetes
  10 plants
  3 tentacles (Shoals:4)
2286 creatures vanquished.

Vanquished Creatures (collateral kills)
  A tentacled monstrosity (D:22)
  Harold (D:10)
  2 hydras
  2 dancing weapons (Blade)
  A skeletal warrior (D:14)
  2 cyclopes
  2 elephants (Lair:8)
  2 black mambas
  An item mimic (Lair:2)
  A spiny frog (Lair:5)
  A wandering mushroom (Lair:2)
  2 slime creatures
  A troll (Vaults:1)
  3 two-headed ogres
  A blink frog (Lair:7)
  6 yaks
  A hungry ghost (D:8)
  2 vampire mosquitoes
  2 merfolk (Shoals:5)
  2 wolves (Lair:3)
  4 orc warriors
  2 nagas
  7 ogres
  2 crocodiles
  A giant slug (Vaults:1)
  3 killer bees (D:7)
  An agate snail (Lair:7)
  An orc priest (D:3)
  A crimson imp (D:12)
  2 orc wizards (D:3)
  2 sheep (Lair:1)
  A hound skeleton (D:4)
  A lemure (D:20)
  3 green rats
  An ufetubus (D:20)
  A giant eyeball (D:10)
  8 orcs
  2 goblins (Bailey)
  A hobgoblin (Bailey)
  3 bats
  3 kobolds (Bailey)
  A rat (Lair:5)
  2 spectral orcs (Lair:2)
  A fungus (Lair:5)
  4 plants (Lair:3)
94 creatures vanquished.

Vanquished Creatures (others)
  2 tengu reavers
  A dancing weapon (D:14)
  A deep troll (Vaults:2)
  2 ball lightnings
  An orc knight (Vaults:2)
  An orange demon (D:3)
  3 air elementals (Snake:5)
  A basilisk (Lair:8)
  A yak (D:18)
  A shadow (D:6)
  A neqoxec (D:14)
  A centaur (D:20)
  A yellow wasp (Bailey)
  An ogre (D:14)
  A giant frog (D:14)
  10 killer bees
  An electric eel (Lair:1)
  5 crimson imps
  17 quasits
  4 scorpions
  A spider (D:3)
  6 iron imps
  7 worker ants
  A boggart (D:22)
  12 lemures
  An adder (Snake:5)
  8 shadow imps
  11 white imps
  A worm (Lair:2)
  12 ufetubi
  2 orcs (Vaults:2)
  2 giant spores
  A rat zombie (D:1)
  3 butterflies
  2 fungi
  7 plants
  8 tentacles (Shoals:4)
  122 tentacle segments (Shoals:4)
263 creatures vanquished.

Grand Total: 2643 creatures vanquished

Notes
Turn   | Place    | Note
--------------------------------------------------------------
     0 | D:1      | sexyfairydreams, the Mummy Chaos Knight, began the quest for the Orb.
     0 | D:1      | Reached XP level 1. HP: 16/16 MP: 1/1
    18 | D:1      | XOM: harmless Divn miscast
    37 | D:1      | XOM: harmless Trmt miscast
    48 | D:1      | XOM: colour smoke trail
   101 | D:1      | Reached XP level 2. HP: 22/22 MP: 2/2
   148 | D:1      | XOM: polymorph goblin -> grey rat
   223 | D:1      | XOM: 5-stop teleportation journey
   240 | D:1      | XOM: god gift: fan of gales
   468 | D:1      | Reached XP level 3. HP: 24/28 MP: 3/3
   737 | D:1      | XOM: scenery: create altars
   946 | D:1      | XOM: harmless Conj miscast
  1773 | D:1      | XOM: mild Fire miscast
  1916 | D:1      | XOM: scenery: create altars
  2363 | D:1      | XOM: mild Divn miscast
  2386 | D:1      | XOM: god gift: forked silver wand {god gift}
  2525 | D:1      | XOM: harmless Ice miscast
  2903 | D:1      | XOM: vitrification
  3135 | D:1      | XOM: harmless Trmt miscast
  3807 | D:1      | XOM: colour smoke trail
  4298 | D:1      | Noticed a giant frog
  4298 | D:1      | XOM: confuse monster(s)
  4313 | D:1      | Killed a giant frog
  4313 | D:1      | Reached skill level 4 in Polearms
  4313 | D:1      | Reached XP level 4. HP: 30/34 MP: 4/4
  4598 | D:1      | XOM: scenery: create altars
  5007 | D:1      | XOM: vitrification
  5057 | D:1      | XOM: divination: detect creatures
  5287 | D:1      | XOM: god gift: 2 lumpy black potions
  5544 | D:1      | XOM: god gift: 44 gold pieces
  5560 | D:1      | XOM: god gift: 63 gold pieces
  5827 | D:1      | XOM: harmless Necr miscast
  5935 | D:1      | XOM: god gift: faintly glowing bone amulet {god gift}
  5936 | D:1      | Got a faintly glowing bone amulet {god gift}
  6086 | D:1      | XOM: god gift: worn bone wand {god gift}
  6138 | D:1      | XOM: noise
  6282 | D:1      | XOM: silly message
  6930 | D:1      | XOM: summons friendly quasit
  7539 | D:1      | Reached XP level 5. HP: 39/39 MP: 5/5
  8054 | D:1      | XOM: harmless Fire miscast
  8080 | D:1      | XOM: colour smoke trail
  8136 | D:1      | XOM: vitrification
  8326 | D:1      | XOM: harmless Necr miscast
  8465 | D:1      | XOM: colour smoke trail
  8544 | D:1      | XOM: medium Ice miscast
  8732 | D:1      | XOM is BORED!
  8732 | D:1      | XOM: mild Conj miscast
  9527 | D:1      | XOM is BORED!
  9527 | D:1      | XOM: mild Conj miscast
  9671 | D:1      | XOM: medium Conj miscast
  9675 | D:1      | XOM: colour smoke trail
  9721 | D:1      | XOM: silly message
  9925 | D:1      | Noticed a hill giant
  9929 | D:2      | XOM: silly message
 10199 | D:2      | Found a glowing silver altar of Zin.
 10200 | D:2      | Found a shattered altar of Ashenzari.
 10368 | D:2      | XOM: scenery: 1 doors close
 10380 | D:2      | Reached skill level 5 in Polearms
 10555 | D:2      | XOM: harmless Fire miscast
 10574 | D:2      | XOM: divination: detect creatures
 10739 | D:2      | XOM: god gift: 19 gold pieces
 11078 | D:3      | XOM: harmless Tloc miscast
 11091 | D:3      | XOM: scenery: 1 doors close
 11418 | D:3      | XOM: god gift: glowing halberd {god gift}
 11714 | D:4      | Reached XP level 6. HP: 46/46 MP: 6/6
 11821 | D:4      | XOM: confuse monster(s)
 11838 | D:4      | XOM: 2-stop teleportation journey
 11854 | D:4      | Noticed Menkaure
 11859 | D:4      | Killed Menkaure
 11859 | D:4      | Reached skill level 6 in Polearms
 11909 | D:4      | XOM: god gift: 7 curare-tipped needles
 11922 | D:4      | XOM: vitrification
 11946 | D:4      | XOM: vitrification
 11950 | D:4      | XOM: enchant monster (good)
 11959 | D:3      | XOM: summons 5 friendly demons
 11969 | D:3      | XOM: scenery: 3 doors close
 12127 | D:3      | XOM: god gift: scroll of noise
 12187 | D:3      | XOM: vitrification
 12196 | D:4      | Reached XP level 7. HP: 49/51 MP: 7/7
 12474 | D:4      | XOM: divination: detect creatures
 12548 | D:5      | Entered Level 5 of the Dungeon
 12556 | D:5      | XOM: divination: detect items
 13098 | D:4      | XOM: harmless Hex miscast
 13436 | D:3      | XOM: harmless Fire miscast
 13521 | D:3      | XOM: harmless Hex miscast
 13648 | D:3      | XOM: colour smoke trail
 13944 | D:3      | XOM: harmless Conj miscast
 14202 | D:3      | XOM: silly message
 14654 | D:3      | XOM: god gift: 5 pieces of ambrosia
 14714 | D:3      | XOM: noise
 15245 | D:3      | XOM: colour smoke trail
 15520 | D:3      | Reached skill level 7 in Polearms
 15569 | D:3      | XOM: medium Erth miscast
 16059 | D:3      | XOM: severe Conj miscast
 16371 | D:3      | XOM: silly message
 16961 | D:3      | XOM: silly message
 17045 | D:3      | XOM is BORED!
 17045 | D:3      | XOM: mild Chrm miscast
 17181 | D:3      | XOM: god gift: meat ration
 18158 | D:3      | XOM: vitrification
 18317 | D:3      | XOM: 2-stop teleportation journey
 18346 | D:3      | XOM: harmless Tloc miscast
 18459 | D:3      | XOM: scenery: 1 doors close
 18720 | D:3      | XOM: medium Chrm miscast
 18751 | D:3      | XOM: cast spell 'Summon Swarm'
 18939 | D:3      | XOM: vitrification
 18963 | D:3      | XOM: god gift: scroll labeled THREIR NIJEAHAU
 18996 | D:3      | XOM: inner flame monster(s)
 19144 | D:3      | XOM: god gift: cloak {god gift}
 19237 | D:3      | XOM: inner flame monster(s)
 19910 | D:3      | XOM: scenery: 2 doors open
 19911 | D:3      | XOM: swap monsters
 19921 | D:3      | XOM: summons 3 friendly demons
 19947 | D:3      | XOM: god gift: 15 gold pieces
 20302 | D:5      | Reached skill level 8 in Polearms
 20322 | D:5      | XOM: god gift: fluorescent wand {god gift}
 20402 | D:5      | XOM: colour smoke trail
 20489 | D:5      | Reached XP level 8. HP: 36/58 MP: 8/8
 20533 | D:5      | XOM: harmless Tloc miscast
 20608 | D:5      | Found a basalt altar of Yredelemnul.
 20655 | D:5      | XOM: harmless Chrm miscast
 21010 | D:5      | Reached skill level 9 in Polearms
 21181 | D:5      | XOM: mild Pois miscast
 21231 | D:5      | XOM: mild Erth miscast
 21234 | D:5      | XOM: potion effect (agility)
 21330 | D:5      | XOM: harmless Ice miscast
 21375 | D:5      | XOM: harmless Summ miscast
 21454 | D:5      | XOM: divination: detect creatures
 21702 | D:6      | Found a sparkling altar of Nemelex Xobeh.
 21731 | D:5      | XOM: harmless Divn miscast
 21765 | D:5      | XOM: harmless Divn miscast
 23220 | D:5      | XOM: silly message
 23314 | D:5      | XOM: harmless Divn miscast
 23413 | D:5      | XOM is BORED!
 23413 | D:5      | XOM: harmless Divn miscast
 23632 | D:5      | XOM: harmless Summ miscast
 23962 | D:5      | XOM: divination: detect creatures
 24218 | D:5      | XOM: mild Divn miscast
 24461 | D:5      | XOM is BORED!
 24461 | D:5      | XOM: medium Tloc miscast
 24616 | D:5      | XOM: potion effect (heal wounds)
 24617 | D:5      | Reached skill level 10 in Polearms
 24643 | D:5      | Noticed a phantasmal warrior
 24660 | D:6      | XOM: scenery: 1 doors open
 24701 | D:6      | Reached XP level 9. HP: 30/63 MP: 9/9
 25068 | D:6      | XOM: silly message
 25080 | D:6      | XOM: noise
 25221 | D:6      | XOM: scenery: 1 doors close
 25378 | D:6      | Found a staircase to the Ecumenical Temple.
 25387 | Temple   | Entered the Ecumenical Temple
 25427 | Temple   | XOM: divination: detect creatures
 25461 | Temple   | XOM: colour smoke trail
 25860 | Temple   | XOM: mild Fire miscast
 25956 | Temple   | XOM is BORED!
 25956 | Temple   | XOM: mild Trmt miscast
 26194 | Temple   | XOM: god gift: scroll of random uselessness
 26356 | Temple   | XOM: divination: detect creatures
 26633 | Temple   | XOM: 3-stop teleportation journey
 27009 | Temple   | XOM: 5-stop teleportation journey
 27322 | Temple   | XOM: silly message
 28036 | Temple   | XOM: noise
 28326 | Temple   | XOM is BORED!
 28326 | Temple   | XOM: mild Divn miscast
 28595 | Temple   | XOM: divination: detect items
 28760 | Temple   | XOM: harmless Trmt miscast
 28961 | Temple   | XOM: harmless Chrm miscast
 29537 | Temple   | XOM: harmless Summ miscast
 30416 | Temple   | XOM: mild Chrm miscast
 31026 | Temple   | XOM: noise
 31267 | Temple   | XOM: mild Necr miscast
 31455 | Temple   | XOM: colour smoke trail
 31692 | Temple   | XOM is BORED!
 31692 | Temple   | XOM: medium Hex miscast
 31931 | Temple   | XOM: colour smoke trail
 31936 | Temple   | XOM: noise
 32417 | Temple   | XOM: summons 4 hostile demons
 32613 | Temple   | XOM: medium Necr miscast
 32644 | Temple   | XOM: mild Tloc miscast
 33082 | Temple   | XOM: 1-stop teleportation journey
 33154 | Temple   | XOM: medium Conj miscast
 33434 | Temple   | XOM: silly message
 33825 | Temple   | XOM: harmless Erth miscast
 34187 | Temple   | XOM is BORED!
 34187 | Temple   | XOM: mild Hex miscast
 34204 | Temple   | XOM: divination: detect creatures
 34309 | Temple   | XOM: colour smoke trail
 34432 | Temple   | XOM: scenery: create altars
 34482 | Temple   | XOM: god gift: metal-bound book {god gift}
 34596 | Temple   | XOM: colour smoke trail
 34842 | Temple   | XOM: colour smoke trail
 35611 | Temple   | XOM: silly message
 36008 | Temple   | XOM: divination: magic mapping
 36137 | Temple   | XOM: harmless Tloc miscast
 36228 | Temple   | XOM is BORED!
 36228 | Temple   | XOM: mild Summ miscast
 36323 | Temple   | XOM: 5-stop teleportation journey
 36332 | Temple   | XOM: scenery: create altars
 36532 | Temple   | XOM: god gift: twisted plate armour {god gift}
 36533 | Temple   | Got a twisted plate armour {god gift}
 36549 | Temple   | Identified the +1 plate armour of Patience {rC++} (Xom gifted it to you in the Ecumenical Temple)
 36558 | Temple   | XOM: mild Trmt miscast
 36564 | Temple   | XOM: 4-stop teleportation journey
 36614 | Temple   | XOM: summons 4 hostile demons
 36633 | Temple   | XOM: medium Trmt miscast
 36929 | Temple   | XOM: mild Hex miscast
 37196 | Temple   | XOM: silly message
 37213 | Temple   | XOM: god gift: brown potion
 37301 | Temple   | XOM: harmless Ice miscast
 37405 | Temple   | XOM: vitrification
 37574 | Temple   | XOM: 1-stop teleportation journey
 37753 | Temple   | XOM: scenery: create altars
 37802 | Temple   | XOM: god gift: meat ration
 37847 | Temple   | XOM: god gift: viscous green potion
 38065 | Temple   | XOM: colour smoke trail
 38155 | Temple   | XOM: divination: magic mapping
 38162 | Temple   | XOM: god gift: 2 yellow potions
 38210 | Temple   | XOM: god gift: brightly glowing graven amulet {god gift}
 38211 | Temple   | Got a brightly glowing graven amulet {god gift}
 38212 | Temple   | Identified the amulet "Blegum" {Spirit Str-4} (Xom gifted it to you in the Ecumenical Temple)
 38488 | Temple   | XOM: divination: magic mapping
 38637 | Temple   | XOM: vitrification
 39019 | Temple   | XOM: medium Hex miscast
 39774 | Temple   | XOM: harmless Conj miscast
 39796 | Temple   | XOM is BORED!
 39796 | Temple   | XOM: noise
 39912 | Temple   | XOM: mild Pois miscast
 40763 | Temple   | XOM: noise
 40908 | Temple   | XOM: silly message
 41162 | Temple   | XOM is BORED!
 41162 | Temple   | XOM: summons 4 hostile demons
 41879 | Temple   | XOM: colour smoke trail
 41976 | Temple   | XOM: harmless Chrm miscast
 42016 | Temple   | XOM: god gift: robe {god gift}
 42145 | Temple   | XOM: 5-stop teleportation journey
 42943 | Temple   | XOM: 4-stop teleportation journey
 43114 | Temple   | XOM: god gift: 2 scrolls of blinking
 43590 | Temple   | XOM: scenery: create altars
 43592 | Temple   | XOM: divination: detect items
 43701 | Temple   | XOM: noise
 43998 | Temple   | XOM: divination: detect items
 44154 | Temple   | XOM: noise
 44300 | Temple   | XOM: divination: magic mapping
 44583 | Temple   | XOM is BORED!
 44583 | Temple   | XOM: noise
 44699 | Temple   | XOM: colour smoke trail
 45050 | Temple   | XOM: harmless Pois miscast
 45184 | Temple   | XOM: silly message
 46145 | Temple   | XOM: scenery: create altars
 46309 | Temple   | XOM: god gift: orcish trident {god gift}
 46402 | Temple   | XOM: 1-stop teleportation journey
 46869 | Temple   | XOM: 2-stop teleportation journey
 47504 | Temple   | XOM: harmless Necr miscast
 47676 | Temple   | XOM: god gift: pair of orcish boots {god gift}
 47805 | Temple   | XOM: god gift: 12 darts of frost
 48557 | Temple   | XOM is BORED!
 48557 | Temple   | XOM: medium Erth miscast
 48667 | Temple   | XOM: harmless Necr miscast
 49307 | Temple   | XOM: harmless Hex miscast
 49418 | Temple   | XOM: harmless Trmt miscast
 49422 | Temple   | XOM: noise
 49473 | Temple   | XOM: colour smoke trail
 49664 | Temple   | XOM: scenery: create altars
 49943 | Temple   | XOM: divination: detect items
 49978 | Temple   | XOM: harmless Chrm miscast
 50320 | Temple   | XOM: mild Divn miscast
 50370 | Temple   | XOM: colour smoke trail
 50597 | Temple   | XOM is BORED!
 50597 | Temple   | XOM: noise
 50694 | Temple   | XOM: summons 4 hostile demons
 50991 | Temple   | XOM: mild Pois miscast
 51401 | Temple   | XOM: medium Trmt miscast
 52169 | Temple   | XOM: noise
 52409 | Temple   | XOM is BORED!
 52409 | Temple   | XOM: mild Divn miscast
 52647 | Temple   | XOM: harmless Conj miscast
 53535 | Temple   | XOM: 4-stop teleportation journey
 54016 | Temple   | XOM: colour smoke trail
 54108 | Temple   | XOM is BORED!
 54108 | Temple   | XOM: noise
 54300 | Temple   | XOM: harmless Fire miscast
 54856 | Temple   | XOM: harmless Divn miscast
 55063 | Temple   | XOM: cast spell 'Flight'
 55100 | Temple   | XOM: god gift: shiny chain mail {god gift}
 55130 | Temple   | XOM: god gift: 2 fuming yellow potions
 55473 | Temple   | XOM: god gift: runed glaive {god gift}
 55628 | Temple   | XOM: 5-stop teleportation journey
 55884 | Temple   | XOM: vitrification
 55904 | Temple   | XOM is BORED!
 55904 | Temple   | XOM: 1-stop teleportation journey
 56128 | Temple   | XOM: 1-stop teleportation journey
 56140 | Temple   | XOM: 1-stop teleportation journey
 56314 | Temple   | XOM: god gift: fine plate armour {god gift}
 56315 | Temple   | Got a fine plate armour {god gift}
 56338 | Temple   | Identified the +2 plate armour "Claogina" {Int+3 Acc+3} (Xom gifted it to you in the Ecumenical Temple)
 56524 | Temple   | XOM: 7-stop teleportation journey
 56564 | Temple   | XOM: vitrification
 56574 | Temple   | XOM: divination: detect creatures
 56690 | Temple   | XOM: 1-stop teleportation journey
 56856 | Temple   | XOM: god gift: 13 arrows of frost
 56875 | Temple   | XOM: colour smoke trail
 56890 | Temple   | XOM: mild Divn miscast
 57350 | Temple   | XOM: colour smoke trail
 57603 | Temple   | XOM: divination: detect creatures
 58327 | Temple   | XOM is BORED!
 58327 | Temple   | XOM: 6-stop teleportation journey
 58696 | Temple   | XOM: mild Hex miscast
 59048 | Temple   | XOM: 3-stop teleportation journey
 59212 | Temple   | XOM: 2-stop teleportation journey
 59359 | Temple   | XOM: god gift: 46 gold pieces
 59370 | Temple   | XOM: medium Erth miscast
 59533 | Temple   | XOM: god gift: 3 pieces of ambrosia
 59552 | Temple   | XOM: god gift: copper wand {god gift}
 59665 | Temple   | XOM: 1-stop teleportation journey
 59733 | Temple   | XOM: god gift: 2440 gold pieces
 59735 | Temple   | tyvm
 60614 | Temple   | XOM: harmless Chrm miscast
 60940 | Temple   | XOM: 4-stop teleportation journey
 61130 | Temple   | XOM: stat loss: -1 Int (13/14)
 61798 | Temple   | XOM: 3-stop teleportation journey
 61933 | Temple   | XOM: 1-stop teleportation journey
 62023 | Temple   | XOM: scenery: create altars
 62042 | Temple   | XOM: god gift: dwarven mace {god gift}
 62328 | Temple   | XOM: silly message
 62540 | Temple   | XOM is BORED!
 62540 | Temple   | XOM: severe Fire miscast
 62579 | Temple   | XOM: 6-stop teleportation journey
 62605 | Temple   | XOM: 1-stop teleportation journey
 62749 | Temple   | XOM: scenery: create altars
 62975 | Temple   | XOM: god gift: 17 sling bullets of frost
 63194 | Temple   | XOM: 1-stop teleportation journey
 63632 | Temple   | XOM: god gift: thick glowing rod {god gift}
 63634 | Temple   | Identified a +2 rod of the swarm (11/11) (Xom gifted it to you in the Ecumenical Temple)
 63696 | Temple   | XOM: god gift: mace {god gift}
 63723 | Temple   | XOM: 10-stop teleportation journey
 63798 | Temple   | XOM: god gift: 13 sling bullets of frost
 63831 | Temple   | XOM: god gift: yellow potion
 64113 | Temple   | XOM: divination: detect creatures
 64505 | Temple   | XOM: god gift: paperback book {god gift}
 64579 | Temple   | XOM: divination: detect creatures
 64655 | Temple   | XOM: god gift: torn book {god gift}
 64656 | Temple   | Identified Hyoneneg's Papyrus of Arcane Weapons (Xom gifted it to you in the Ecumenical Temple)
 64897 | Temple   | XOM: silly message
 65293 | Temple   | XOM: god gift: rare book {god gift}
 65294 | Temple   | Identified Xom's Handbook of the Ten Seas (Xom gifted it to you in the Ecumenical Temple)
 65308 | Temple   | XOM: divination: detect creatures
 65689 | Temple   | XOM: colour smoke trail
 65920 | Temple   | XOM: cast spell 'Flight'
 65947 | Temple   | XOM: god gift: 15 arrows of frost
 66290 | Temple   | XOM: medium Conj miscast
 66338 | Temple   | XOM: colour smoke trail
 66560 | Temple   | XOM: medium Pois miscast
 66870 | Temple   | XOM: stat loss: -1 Int (13/14)
 66926 | Temple   | XOM is BORED!
 66926 | Temple   | XOM: medium Divn miscast
 66938 | Temple   | XOM: divination: detect creatures
 67105 | Temple   | XOM: 7-stop teleportation journey
 67665 | Temple   | XOM: god gift: runed cloak {god gift}
 67671 | Temple   | XOM: god gift: 42 gold pieces
 68517 | Temple   | XOM: 1-stop teleportation journey
 68528 | Temple   | XOM: god gift: short glowing rod {god gift}
 68530 | Temple   | Identified a +4 rod of striking (8/8) (Xom gifted it to you in the Ecumenical Temple)
 69233 | Temple   | XOM: god gift: lantern of shadows
 69420 | Temple   | XOM: god gift: cloak {god gift}
 69587 | Temple   | XOM: god gift: 31 gold pieces
 69822 | Temple   | XOM: divination: detect creatures
 69893 | Temple   | XOM: harmless Ice miscast
 70324 | Temple   | XOM: 1-stop teleportation journey
 70471 | Temple   | XOM: 4-stop teleportation journey
 70563 | Temple   | XOM: 5-stop teleportation journey
 70830 | Temple   | XOM is BORED!
 70830 | Temple   | XOM: mild Conj miscast
 71211 | Temple   | XOM: summons 1 hostile demon
 71244 | Temple   | XOM: harmless Conj miscast
 71245 | Temple   | XOM: mild Erth miscast
 71390 | Temple   | XOM: god gift: scroll of teleportation
 71702 | Temple   | XOM: medium Trmt miscast
 71722 | Temple   | XOM: harmless Pois miscast
 71844 | Temple   | XOM: god gift: apple
 72225 | Temple   | XOM: 2-stop teleportation journey
 72494 | Temple   | XOM: harmless Hex miscast
 72644 | Temple   | XOM is BORED!
 72644 | Temple   | XOM: severe Necr miscast
 72676 | Temple   | XOM: summons 3 hostile demons
 72677 | Temple   | Noticed a sixfirhy
 72745 | D:6      | XOM: medium Fire miscast
 72772 | D:6      | XOM: divination: detect creatures
 72911 | Temple   | XOM: divination: detect creatures
 73130 | Temple   | XOM: silly message
 73493 | Temple   | XOM: divination: detect creatures
 73540 | Temple   | XOM: divination: detect items
 73936 | Temple   | XOM: harmless Chrm miscast
 74410 | Temple   | XOM: harmless Erth miscast
 75041 | Temple   | XOM: divination: magic mapping
 75634 | Temple   | XOM is BORED!
 75634 | Temple   | XOM: stat loss: -2 Dex (9/11)
 76269 | Temple   | XOM: noise
 76441 | Temple   | XOM: colour smoke trail
 76905 | Temple   | XOM: severe Fire miscast
 77572 | Temple   | XOM: noise
 77743 | Temple   | XOM: mild Chrm miscast
 77831 | Temple   | XOM is BORED!
 77831 | Temple   | XOM: stat loss: -2 Int (9/14)
 78091 | Temple   | XOM: 2-stop teleportation journey
 79004 | Temple   | XOM: 2-stop teleportation journey
 79026 | Temple   | XOM: divination: detect creatures
 79226 | Temple   | XOM: 3-stop teleportation journey
 79364 | Temple   | XOM: mild Pois miscast
 79413 | Temple   | XOM: colour smoke trail
 79617 | Temple   | XOM: mild Ice miscast
 79847 | Temple   | XOM: harmless Summ miscast
 80308 | Temple   | XOM is BORED!
 80308 | Temple   | XOM: medium Erth miscast
 80525 | Temple   | XOM: mild Trmt miscast
 80576 | Temple   | XOM: harmless Pois miscast
 80716 | Temple   | XOM: harmless Erth miscast
 80963 | Temple   | XOM: medium Chrm miscast
 81053 | Temple   | XOM: colour smoke trail
 81155 | Temple   | XOM: mild Erth miscast
 81230 | Temple   | XOM: harmless Fire miscast
 81277 | Temple   | XOM: 1-stop teleportation journey
 81318 | Temple   | XOM: cast spell 'Summon Butterflies'
 81492 | Temple   | XOM: god gift: 3 royal jellies
 81995 | Temple   | XOM: divination: detect creatures
 81996 | Temple   | XOM: 3-stop teleportation journey
 82113 | Temple   | XOM: god gift: 7 arrows of dispersal
 82305 | Temple   | XOM: 7-stop teleportation journey
 82471 | Temple   | XOM: god gift: 47 gold pieces
 82495 | Temple   | XOM: 1-stop teleportation journey
 82686 | Temple   | XOM: 6-stop teleportation journey
 82968 | Temple   | XOM: god gift: scroll labeled LIYDWU SIQARGH
 82996 | Temple   | XOM: 5-stop teleportation journey
 83128 | Temple   | XOM: 1-stop teleportation journey
 83173 | Temple   | XOM: colour smoke trail
 83288 | Temple   | XOM: colour smoke trail
 83311 | Temple   | XOM: mild Conj miscast
 83749 | Temple   | XOM: medium Conj miscast
 83767 | Temple   | XOM is BORED!
 83767 | Temple   | XOM: mild Fire miscast
 83934 | Temple   | XOM: 1-stop teleportation journey
 84458 | Temple   | XOM: 2-stop teleportation journey
 84489 | Temple   | XOM: 2-stop teleportation journey
 84715 | Temple   | XOM is BORED!
 84715 | Temple   | XOM: summons 4 hostile demons
 84716 | Temple   | Noticed a sixfirhy
 84716 | Temple   | Noticed a smoke demon
 84782 | D:6      | XOM: divination: detect creatures
 84807 | D:6      | XOM: scenery: 1 doors close
 85302 | D:6      | XOM: harmless Tloc miscast
 85775 | Temple   | XOM: 3-stop teleportation journey
 85817 | Temple   | XOM: colour smoke trail
 86061 | Temple   | XOM: 1-stop teleportation journey
 86316 | Temple   | XOM: medium Hex miscast
 86712 | Temple   | XOM is BORED!
 86712 | Temple   | XOM: stat loss: -2 Str (16/18)
 86776 | Temple   | XOM: stat loss: -1 Dex (10/11)
 86793 | Temple   | XOM: mild Tloc miscast
 86963 | Temple   | XOM: 2-stop teleportation journey
 87231 | Temple   | XOM: stat loss: -1 Str (15/18)
 87431 | Temple   | XOM: stat loss: -1 Int (13/14)
 87481 | Temple   | XOM: mild Pois miscast
 88004 | Temple   | XOM: stat loss: -1 Str (14/18)
 88491 | Temple   | XOM: silly message
 88570 | Temple   | XOM: harmless Pois miscast
 88578 | Temple   | XOM: noise
 88594 | Temple   | XOM: noise
 88970 | Temple   | XOM: medium Chrm miscast
 88998 | Temple   | XOM: 7-stop teleportation journey
 89122 | Temple   | XOM: 5-stop teleportation journey
 89231 | Temple   | XOM is BORED!
 89231 | Temple   | XOM: severe Hex miscast
 89260 | Temple   | XOM: noise
 89283 | Temple   | XOM: 3-stop teleportation journey
 89318 | Temple   | XOM: scenery: create altars
 90021 | Temple   | XOM: scenery: create altars
 90037 | Temple   | XOM: silly message
 90059 | Temple   | XOM: silly message
 90536 | Temple   | XOM: scenery: create altars
 90671 | Temple   | XOM: colour smoke trail
 90945 | Temple   | XOM: cast spell 'Summon Butterflies'
 91231 | Temple   | XOM: divination: detect creatures
 91342 | Temple   | XOM: divination: detect creatures
 91665 | Temple   | XOM: mild Trmt miscast
 91709 | Temple   | XOM: scenery: create altars
 92022 | Temple   | XOM: harmless Ice miscast
 92134 | Temple   | XOM: god gift: 500 gold pieces
 92155 | Temple   | XOM: medium Divn miscast
 92191 | Temple   | XOM: god gift: 33 gold pieces
 92762 | Temple   | XOM: god gift: pair of embroidered dwarven boots {god gift}
 92767 | Temple   | Identified a +0 pair of dwarven boots of running (Xom gifted it to you in the Ecumenical Temple)
 93024 | Temple   | XOM: 1-stop teleportation journey
 93028 | Temple   | XOM: god gift: fan of gales
 93347 | Temple   | XOM: god gift: scroll labeled VIEHUE SCHUN
 93500 | Temple   | XOM: divination: detect creatures
 93737 | Temple   | XOM: 3-stop teleportation journey
 93906 | Temple   | XOM: silly message
 94041 | Temple   | XOM: noise
 94078 | Temple   | XOM: mild Chrm miscast
 94555 | Temple   | XOM: divination: detect creatures
 95079 | Temple   | XOM: harmless Tloc miscast
 95163 | Temple   | XOM: god gift: scroll labeled IDDULEA STRAU
 95341 | Temple   | XOM: god gift: scroll labeled BEWISK ORPHEX
 96034 | Temple   | XOM: vitrification
 96241 | Temple   | XOM: 3-stop teleportation journey
 96329 | Temple   | XOM: vitrification
 96627 | Temple   | XOM: 1-stop teleportation journey
 96991 | Temple   | XOM: scenery: create altars
 97747 | Temple   | XOM is BORED!
 97747 | Temple   | XOM: mild Fire miscast
 98035 | Temple   | XOM: 2-stop teleportation journey
 98130 | Temple   | XOM: 1-stop teleportation journey
 98295 | Temple   | XOM: 5-stop teleportation journey
 98386 | Temple   | XOM: 7-stop teleportation journey
 98809 | Temple   | XOM: 2-stop teleportation journey
 98925 | Temple   | XOM: 2-stop teleportation journey
 98976 | Temple   | XOM: 1-stop teleportation journey
 99032 | Temple   | XOM: 2-stop teleportation journey
 99092 | Temple   | XOM: god gift: 2 poisoned darts
 99646 | Temple   | XOM: harmless Erth miscast
 99672 | Temple   | XOM: god gift: bread ration
 99711 | Temple   | XOM: mild Pois miscast
 99904 | Temple   | XOM: 8-stop teleportation journey
100531 | Temple   | XOM: mild Hex miscast
101181 | Temple   | XOM: 1-stop teleportation journey
101624 | Temple   | XOM: medium Conj miscast
101730 | Temple   | XOM: harmless Pois miscast
101745 | Temple   | XOM: harmless Pois miscast
101866 | Temple   | XOM: harmless Divn miscast
101897 | Temple   | XOM: harmless Summ miscast
102022 | Temple   | XOM: harmless Trmt miscast
102024 | Temple   | XOM: medium Pois miscast
102406 | Temple   | XOM: colour smoke trail
102489 | Temple   | XOM: 7-stop teleportation journey
102676 | Temple   | XOM: harmless Tloc miscast
102917 | Temple   | XOM: mild Pois miscast
103155 | Temple   | XOM: severe Hex miscast
103298 | Temple   | XOM: silly message
103500 | Temple   | XOM: colour smoke trail
103751 | Temple   | XOM: medium Tloc miscast
103769 | D:6      | XOM: summons 4 hostile shadow creatures
103841 | D:6      | XOM: colour smoke trail
104386 | Temple   | XOM: harmless Conj miscast
104433 | Temple   | XOM: mild Pois miscast
104571 | Temple   | XOM: mild Tloc miscast
104683 | D:6      | XOM: colour smoke trail
104779 | Temple   | XOM: mild Pois miscast
105141 | Temple   | XOM: silly message
105172 | Temple   | XOM: summons 4 hostile demons
105258 | D:6      | XOM: harmless Tloc miscast
105350 | D:6      | XOM: summons 4 hostile demons
105624 | Temple   | XOM: mild Chrm miscast
106030 | Temple   | XOM: stat loss: -1 Dex (10/11)
106105 | Temple   | XOM: mild Hex miscast
106307 | Temple   | XOM is BORED!
106307 | Temple   | XOM: medium Hex miscast
106439 | Temple   | XOM: mild Chrm miscast
106626 | Temple   | XOM: colour smoke trail
106886 | Temple   | XOM: cast spell 'Flight'
106917 | Temple   | XOM: harmless Conj miscast
107419 | Temple   | XOM: harmless Trmt miscast
107502 | Temple   | XOM is BORED!
107502 | Temple   | XOM: medium Conj miscast
107890 | Temple   | XOM: harmless Trmt miscast
108100 | Temple   | XOM: divination: detect creatures
108254 | Temple   | XOM: noise
108322 | Temple   | XOM: colour smoke trail
108355 | Temple   | XOM: mild Summ miscast
108536 | Temple   | XOM: mild Chrm miscast
108686 | Temple   | XOM: 1-stop teleportation journey
108688 | Temple   | XOM: medium Summ miscast
109189 | Temple   | XOM: mild Necr miscast
109395 | Temple   | XOM: 3-stop teleportation journey
109411 | Temple   | XOM: silly message
109440 | Temple   | XOM: mild Fire miscast
109752 | Temple   | XOM: harmless Hex miscast
109911 | Temple   | XOM: severe Tloc miscast
110150 | Temple   | XOM: mild Fire miscast
110300 | Temple   | XOM: mild Hex miscast
110474 | Temple   | XOM: mild Tloc miscast
110482 | Temple   | XOM: harmless Chrm miscast
110583 | Temple   | XOM: silly message
111333 | Temple   | XOM: mild Necr miscast
111507 | Temple   | XOM: silly message
111540 | Temple   | XOM is BORED!
111540 | Temple   | XOM: medium Chrm miscast
111652 | Temple   | XOM: mild Pois miscast
111725 | Temple   | XOM: 3-stop teleportation journey
111886 | Temple   | XOM: colour smoke trail
111903 | Temple   | XOM: harmless Trmt miscast
112269 | Temple   | XOM is BORED!
112269 | Temple   | XOM: harmless Fire miscast
112521 | Temple   | XOM: harmless Summ miscast
112777 | Temple   | XOM: divination: detect creatures
113524 | Temple   | XOM: harmless Necr miscast
113671 | Temple   | XOM is BORED!
113671 | Temple   | XOM: harmless Ice miscast
113745 | Temple   | XOM: harmless Ice miscast
113836 | Temple   | XOM: silly message
113943 | Temple   | XOM is BORED!
113943 | Temple   | XOM: mild Tloc miscast
113959 | Temple   | XOM: mild Chrm miscast
114468 | Temple   | XOM: 8-stop teleportation journey
115014 | Temple   | XOM: 4-stop teleportation journey
115183 | Temple   | XOM: 1-stop teleportation journey
115184 | Temple   | XOM: cast spell 'Summon Butterflies'
115966 | Temple   | XOM is BORED!
115966 | Temple   | XOM: 8-stop teleportation journey
116134 | Temple   | XOM: god gift: elven sabre {god gift}
116340 | Temple   | XOM: 7-stop teleportation journey
116404 | Temple   | XOM: god gift: glowing red potion
116566 | Temple   | XOM: god gift: bronze wand {god gift}
116705 | Temple   | XOM: god gift: smoky black potion
116876 | Temple   | XOM: god gift: fuming yellow potion
117048 | Temple   | XOM: divination: detect creatures
117176 | Temple   | XOM is BORED!
117176 | Temple   | XOM: 1-stop teleportation journey
117264 | Temple   | XOM: god gift: scroll of silence
117418 | Temple   | XOM: god gift: 32 gold pieces
117551 | Temple   | XOM: mild Divn miscast
117870 | Temple   | XOM: divination: detect creatures
118089 | Temple   | XOM: scenery: create altars
118149 | Temple   | XOM: colour smoke trail
118385 | Temple   | XOM: divination: detect creatures
118796 | Temple   | XOM: god gift: buckler {god gift}
118859 | Temple   | XOM: god gift: 20 gold pieces
119274 | Temple   | XOM: silly message
119295 | Temple   | XOM: harmless Hex miscast
119363 | Temple   | XOM is BORED!
119363 | Temple   | XOM: medium Pois miscast
119900 | Temple   | XOM: god gift: pair of bracers of archery {god gift}
120324 | Temple   | XOM: god gift: 40 gold pieces
120351 | Temple   | XOM: silly message
120401 | Temple   | XOM: silly message
120402 | Temple   | XOM: silly message
120458 | Temple   | XOM: colour smoke trail
120707 | Temple   | XOM: god gift: 7 silver bolts
120967 | Temple   | XOM: god gift: 11 poisoned sling bullets
121003 | Temple   | XOM: mild Ice miscast
121067 | Temple   | XOM: god gift: dented cabochon amulet {god gift}
121197 | Temple   | XOM: 1-stop teleportation journey
121392 | Temple   | XOM: summons 3 hostile demons
121430 | Temple   | XOM: mild Hex miscast
121614 | Temple   | XOM: 8-stop teleportation journey
121918 | Temple   | XOM: mild Fire miscast
121964 | Temple   | XOM is BORED!
121964 | Temple   | XOM: 2-stop teleportation journey
122549 | Temple   | XOM: harmless Fire miscast
122558 | Temple   | XOM: medium Divn miscast
122607 | Temple   | XOM: colour smoke trail
122847 | Temple   | XOM: 2-stop teleportation journey
122897 | Temple   | XOM is BORED!
122897 | Temple   | XOM: summons 4 hostile demons
123068 | Temple   | XOM: 3-stop teleportation journey
123509 | Temple   | XOM: silly message
123547 | Temple   | XOM: harmless Chrm miscast
124631 | Temple   | XOM: cast spell 'Summon Butterflies'
125147 | Temple   | XOM: harmless Fire miscast
125179 | Temple   | XOM: harmless Chrm miscast
125388 | Temple   | XOM: divination: detect creatures
125405 | Temple   | XOM: harmless Tloc miscast
126036 | Temple   | XOM is BORED!
126036 | Temple   | XOM: medium Chrm miscast
126402 | Temple   | XOM: 3-stop teleportation journey
126588 | Temple   | XOM: god gift: 6 poisoned javelins
126690 | Temple   | XOM: colour smoke trail
126914 | Temple   | XOM: colour smoke trail
126940 | Temple   | XOM: silly message
127540 | Temple   | XOM: medium Fire miscast
127634 | Temple   | XOM: 11-stop teleportation journey
127914 | Temple   | XOM: medium Erth miscast
128026 | Temple   | XOM: 3-stop teleportation journey
128072 | Temple   | XOM: severe Chrm miscast
128334 | Temple   | XOM: colour smoke trail
128470 | Temple   | XOM: severe Erth miscast
128473 | Temple   | XOM: harmless Pois miscast
129141 | Temple   | XOM is BORED!
129141 | Temple   | XOM: summons 2 hostile demons
129453 | Temple   | XOM: noise
129553 | Temple   | XOM: colour smoke trail
129943 | Temple   | XOM: 1-stop teleportation journey
130360 | Temple   | XOM: harmless Pois miscast
130462 | Temple   | XOM: medium Pois miscast
130502 | Temple   | XOM: colour smoke trail
130642 | Temple   | XOM: medium Chrm miscast
130934 | Temple   | XOM: harmless Hex miscast
131093 | Temple   | XOM: silly message
131141 | Temple   | XOM: stat loss: -1 Dex (10/11)
131535 | Temple   | XOM: silly message
131630 | Temple   | XOM: mild Erth miscast
131632 | Temple   | XOM: mild Divn miscast
131698 | Temple   | XOM: harmless Ice miscast
132089 | Temple   | XOM: colour smoke trail
132361 | Temple   | XOM: harmless Trmt miscast
132576 | Temple   | XOM: mild Conj miscast
132689 | Temple   | XOM: stat loss: -1 Int (13/14)
133114 | Temple   | XOM: medium Chrm miscast
133207 | Temple   | XOM: 6-stop teleportation journey
133757 | Temple   | XOM is BORED!
133757 | Temple   | XOM: mild Hex miscast
134606 | Temple   | XOM: 1-stop teleportation journey
134899 | Temple   | XOM: 1-stop teleportation journey
134965 | Temple   | XOM: god gift: stone of tremors
134990 | Temple   | XOM: silly message
135349 | Temple   | XOM: harmless Pois miscast
135946 | Temple   | XOM: 11-stop teleportation journey
135964 | Temple   | XOM is BORED!
135964 | Temple   | XOM: severe Pois miscast
136018 | Temple   | XOM: 2-stop teleportation journey
136393 | Temple   | XOM: summons 1 hostile demon
136462 | Temple   | XOM: mild Hex miscast
137044 | Temple   | XOM: silly message
137167 | Temple   | XOM: noise
137216 | Temple   | XOM: harmless Pois miscast
137619 | Temple   | XOM: harmless Necr miscast
138028 | Temple   | XOM: divination: detect creatures
138338 | Temple   | XOM: harmless Erth miscast
139217 | Temple   | XOM: divination: detect creatures
139275 | Temple   | XOM: silly message
139442 | Temple   | XOM: silly message
139901 | Temple   | XOM: medium Divn miscast
140034 | Temple   | XOM: noise
140059 | Temple   | XOM: mild Chrm miscast
140121 | Temple   | XOM: cast spell 'Summon Butterflies'
140246 | Temple   | XOM: divination: detect creatures
140748 | Temple   | XOM is BORED!
140748 | Temple   | XOM: mild Divn miscast
141183 | Temple   | XOM is BORED!
141183 | Temple   | XOM: harmless Necr miscast
141445 | Temple   | XOM: silly message
141497 | Temple   | XOM: harmless Tloc miscast
141690 | Temple   | XOM: silly message
141994 | Temple   | XOM: god gift: scroll of torment
142012 | D:6      | XOM: 1-stop teleportation journey
142044 | D:7      | Reached skill level 1 in Evocations
142074 | D:7      | XOM: confuse monster(s)
142127 | D:7      | XOM: polymorph hound -> iguana
142182 | D:7      | XOM: confuse monster(s)
142270 | D:7      | XOM: 2-stop teleportation journey
142272 | D:7      | Found a flagged portal.
142288 | Bailey   | Entered a bailey
142345 | Bailey   | XOM: mild Trmt miscast
142448 | Bailey   | XOM: 1-stop teleportation journey
142492 | Bailey   | Found a bloodstained altar of Trog.
142774 | D:7      | Reached skill level 1 in Staves
142870 | D:7      | Found a snail-covered altar of Cheibriados.
142872 | D:7      | XOM: silly message
143173 | D:7      | XOM: colour smoke trail
143770 | D:8      | Noticed a hill giant
143782 | D:8      | XOM: silly message
143784 | D:8      | XOM: summons 3 friendly demons
143786 | D:8      | Reached skill level 5 in Staves
143787 | D:8      | Found a staircase to the Lair.
143787 | D:8      | XOM: 8-stop teleportation journey
143857 | D:8      | XOM: 3-stop teleportation journey
143873 | D:8      | XOM: potion effect (agility)
143876 | D:8      | Reached XP level 10. HP: 55/69 MP: 17/17
143878 | D:8      | Killed a hill giant
143880 | D:8      | XOM: summons 7 friendly demons
143881 | D:8      | XOM: polymorph shadow imp -> crimson imp
143883 | D:8      | XOM: summons friendly crimson imp
143897 | D:8      | XOM: cast spell 'Ring of Flames'
143923 | D:8      | XOM: summons friendly quasit
144244 | D:8      | XOM: confuse monster(s)
144294 | D:8      | Reached skill level 10 in Staves
144383 | D:8      | XOM: god gift: 43 gold pieces
144423 | D:8      | XOM: vitrification
144424 | D:8      | Paralysed by a giant eyeball for 3 turns
144444 | D:8      | XOM: enchant monster (bad)
144580 | D:8      | XOM: god gift: disc of storms
144763 | D:8      | XOM: potion effect (brilliance)
144767 | D:8      | XOM: inner flame monster(s)
144770 | D:8      | XOM: potion effect (brilliance)
144786 | D:8      | Noticed Joseph
144786 | D:8      | XOM: inner flame monster(s)
144790 | D:8      | XOM: cast spell 'Cause Fear'
144829 | D:7      | XOM: silly message
144868 | D:8      | XOM: summons friendly white imp
144882 | D:8      | Killed Joseph
144903 | D:8      | Reached skill level 11 in Staves
144938 | D:8      | XOM: enchant monster (good)
144963 | D:8      | XOM: god gift: cloak {god gift}
145166 | D:8      | XOM: god gift: 6 royal jellies
145241 | D:8      | XOM: confuse monster(s)
145315 | Lair:1   | Entered Level 1 of the Lair of Beasts
145414 | Lair:1   | XOM: god gift: 18 stones
145610 | Lair:1   | Noticed a black mamba
145621 | Lair:1   | Killed a black mamba
145700 | Lair:1   | XOM: silly message
146010 | Lair:1   | XOM: confuse monster(s)
146013 | Lair:1   | XOM: divination: magic mapping
146070 | Lair:1   | Reached XP level 11. HP: 52/75 MP: 18/18
146075 | Lair:1   | XOM: stat loss: -1 Dex (10/11)
146148 | Lair:1   | XOM: god gift: glowing helmet {god gift}
146230 | Lair:1   | XOM: summons 2 hostile shadow creatures
146261 | Lair:1   | XOM: mild Hex miscast
146283 | Lair:1   | XOM: inner flame monster(s)
146308 | Lair:1   | XOM: scenery: 1 doors open
146430 | Lair:1   | XOM: mild Erth miscast
146630 | Lair:1   | XOM: noise
146633 | Lair:1   | XOM: harmless Trmt miscast
146643 | Lair:1   | XOM: confuse monster(s)
146664 | Lair:1   | XOM: vitrification
146678 | Lair:1   | Noticed a seven-headed hydra
146688 | Lair:1   | XOM: enchant monster (good)
146695 | Lair:1   | XOM: swap monsters
146698 | Lair:1   | Noticed a great orb of eyes
146698 | Lair:1   | a seven-headed hydra changed into a great orb of eyes
146698 | Lair:1   | XOM: polymorph seven-headed hydra -> great orb of eyes
146714 | Lair:1   | Killed a great orb of eyes
146714 | Lair:1   | Reached skill level 12 in Staves
146749 | Lair:1   | XOM: polymorph yak -> spriggan
146761 | Lair:1   | XOM: cast spell 'Metabolic Englaciation'
146766 | Lair:1   | XOM: summons friendly shadow imp
147058 | Lair:1   | XOM: colour smoke trail
147079 | Lair:1   | XOM: medium Ice miscast
147088 | Lair:1   | Noticed a four-headed hydra
147090 | Lair:1   | XOM: divination: detect creatures
147097 | Lair:1   | XOM: swap monsters
147102 | Lair:1   | XOM: confuse monster(s)
147103 | Lair:1   | Killed a four-headed hydra
147330 | Lair:1   | XOM: confuse monster(s)
147337 | Lair:1   | XOM: polymorph electric eel -> big fish
147761 | Lair:1   | XOM: vitrification
148106 | Lair:1   | XOM: vitrification
148196 | Lair:2   | XOM: 7-stop teleportation journey
148198 | Lair:2   | XOM: medium Trmt miscast
148382 | Lair:2   | XOM: 2-stop teleportation journey
148430 | Lair:2   | Noticed Nergalle
148439 | Lair:2   | XOM: enchant monster (bad)
148441 | Lair:2   | XOM: summons 11 friendly demons
148483 | Lair:2   | XOM: polymorph fungus -> wandering mushroom
148486 | Lair:2   | Killed Nergalle
148497 | Lair:2   | XOM: harmless Fire miscast
148501 | Lair:2   | XOM: polymorph fungus -> wandering mushroom
148504 | Lair:2   | XOM: 1-stop teleportation journey
148526 | Lair:2   | XOM: harmless Chrm miscast
148821 | Lair:2   | Reached skill level 5 in Armour
148957 | Lair:2   | XOM: colour smoke trail
149086 | Lair:2   | XOM: potion effect (might)
149357 | Lair:2   | XOM: potion effect (curing)
149358 | Lair:2   | XOM: enchant monster (good)
149389 | Lair:2   | XOM: summons 2 friendly demons
149411 | Lair:2   | XOM: god gift: hand axe {god gift}
149676 | Lair:2   | XOM: harmless Divn miscast
149763 | Lair:2   | XOM: harmless Divn miscast
149773 | Lair:3   | XOM: enchant monster (bad)
149778 | Lair:3   | XOM: harmless Ice miscast
149778 | Lair:3   | HP: 2/74 [black mamba (8)]
150003 | Lair:2   | XOM: silly message
150119 | Lair:3   | XOM: confusion
150129 | Lair:2   | rip
150130 | Lair:2   | XOM: enchant monster (bad)
150136 | Lair:2   | XOM: snakes to sticks
150137 | Lair:2   | oh god
150411 | Lair:3   | XOM: divination: detect creatures
150463 | Lair:3   | XOM: summons friendly shadow imp
150464 | Lair:3   | XOM: summons friendly ufetubus
150466 | Lair:3   | XOM: summons friendly shadow imp
150473 | Lair:3   | XOM: summons 7 friendly demons
150807 | Lair:3   | XOM: confuse monster(s)
150810 | Lair:3   | XOM: noise
150818 | Lair:3   | XOM: cast spell 'Blink'
150819 | Lair:3   | XOM: god gift: buckler {god gift}
150823 | Lair:3   | XOM: enchant monster (good)
150833 | Lair:3   | XOM: divination: detect creatures
150845 | Lair:3   | XOM: swap monsters
150855 | Lair:3   | XOM: god gift: 52 gold pieces
150859 | Lair:3   | XOM: noise
150899 | Lair:3   | XOM: mild Trmt miscast
151039 | Lair:3   | XOM: inner flame monster(s)
151040 | Lair:3   | XOM: summons friendly chaos spawn
151161 | Lair:3   | Reached XP level 12. HP: 77/80 MP: 19/19
151337 | Lair:4   | XOM: summons 3 friendly demons
151344 | Lair:4   | XOM: 6-stop teleportation journey
151348 | Lair:4   | XOM: 2-stop teleportation journey
151375 | Lair:4   | XOM: summons friendly iron imp
151588 | Lair:4   | XOM: god gift: scroll labeled AFFIOHAODA
151597 | Lair:4   | XOM: divination: detect creatures
151607 | Lair:4   | XOM: enchant monster (good)
151674 | Lair:4   | XOM: god gift: moonstone ring {god gift}
151763 | Lair:4   | XOM: scenery: create altars
151839 | Lair:4   | XOM: swap monsters
151958 | Lair:4   | XOM: potion effect (invisibility)
152000 | Lair:4   | XOM: vitrification
152009 | Lair:4   | XOM: potion effect (curing)
152011 | Lair:4   | XOM: potion effect (might)
152018 | Lair:4   | Identified a scroll of acquirement
152020 | Lair:4   | Identified a +9 rod of frigid destruction (9/9) (You acquired it on level 4 of the Lair of Beasts)
152021 | Lair:4   | oh god
152059 | Lair:4   | XOM: silly message
152200 | Lair:4   | Noticed a six-headed hydra
152209 | Lair:4   | Killed a seven-headed hydra
152530 | Lair:4   | XOM: harmless Fire miscast
153318 | Lair:5   | XOM: silly message
153530 | Lair:5   | XOM: silly message
153570 | Lair:5   | XOM: divination: detect items
153575 | Lair:5   | XOM: divination: detect creatures
153578 | Lair:5   | XOM: divination: magic mapping
153587 | Lair:5   | XOM: harmless Ice miscast
153590 | Lair:5   | XOM: silly message
153602 | Lair:5   | XOM: harmless Chrm miscast
153604 | Lair:5   | Reached skill level 10 in Armour
153632 | Lair:5   | XOM: 1-stop teleportation journey
153634 | Lair:5   | XOM: noise
153643 | Lair:5   | XOM: confusion (+ monsters)
153644 | Lair:5   | oh god
153644 | Lair:5   | XOM: harmless Summ miscast
153653 | Lair:5   | come onnnnn
153660 | Lair:5   | XOM: mild Hex miscast
153665 | Lair:5   | :(((((((
153667 | Lair:5   | XOM: stat loss: -1 Dex (10/11)
153672 | Lair:5   | go air elemental
153675 | Lair:5   | yesssss
153682 | Lair:5   | these devices are the best thing to ever happen to muck
153825 | Lair:5   | XOM: confusion (+ monsters)
153826 | Lair:5   | oh jesus
154113 | Lair:5   | XOM: vitrification
154164 | Lair:5   | XOM: god gift: 12 exploding darts
154169 | Lair:5   | XOM: polymorph plant -> wandering mushroom
154230 | Lair:5   | XOM: noise
154409 | Lair:5   | wow jesus
154739 | Lair:5   | XOM: silly message
154966 | Lair:6   | Found a staircase to the Shoals.
154976 | Lair:6   | XOM: potion effect (invisibility)
155188 | Lair:6   | XOM: harmless Conj miscast
155234 | Lair:6   | XOM: stat loss: -1 Dex (10/11)
155259 | Lair:6   | XOM: 1-stop teleportation journey
155322 | Lair:6   | XOM: 1-stop teleportation journey
155343 | Lair:6   | Found a staircase to the Snake Pit.
155352 | Lair:6   | XOM: noise
155385 | Lair:6   | XOM: snakes to sticks
155395 | Lair:6   | XOM: inner flame monster(s)
155552 | Lair:6   | XOM: 2-stop teleportation journey
155564 | Lair:6   | XOM: summons friendly lemure
155567 | Lair:6   | XOM: divination: magic mapping
155570 | Lair:6   | XOM: silly message
155576 | Lair:6   | XOM: silly message
155666 | Lair:6   | XOM: silly message
155747 | Lair:6   | Reached skill level 5 in Fighting
155747 | Lair:6   | Reached XP level 13. HP: 70/90 MP: 20/20
155804 | Lair:6   | XOM: colour smoke trail
155845 | Lair:6   | XOM: noise
156008 | Lair:6   | Noticed a five-headed hydra
156020 | Lair:6   | Killed a five-headed hydra
156334 | Lair:6   | XOM: harmless Summ miscast
156374 | Lair:7   | XOM: enchant monster (bad)
156468 | Lair:7   | XOM: mild Erth miscast
156477 | Lair:7   | XOM: summons 11 friendly demons
156555 | Lair:7   | XOM: colour smoke trail
156736 | Lair:7   | XOM: summons 4 hostile demons
156786 | Lair:7   | Found a viscous altar of Jiyva.
156787 | Lair:7   | Found a staircase to the Slime Pits.
156893 | Lair:7   | XOM: mild Hex miscast
156913 | Lair:7   | XOM: silly message
156978 | Lair:7   | XOM: swap weapons
156979 | Lair:7   | wow uh
157006 | Lair:7   | XOM: mild Divn miscast
157030 | Lair:7   | XOM: noise
157231 | Lair:7   | XOM: summons 6 hostile demons
157600 | Lair:8   | Entered Level 8 of the Lair of Beasts
157643 | Lair:8   | XOM: god gift: 1440 gold pieces
157649 | Lair:8   | XOM: swap monsters
157668 | Lair:8   | XOM: confuse monster(s)
157677 | Lair:8   | XOM: inner flame monster(s)
157678 | Lair:8   | XOM: divination: detect creatures
157679 | Lair:8   | XOM: vitrification
157689 | Lair:8   | XOM: confuse monster(s)
157722 | Lair:8   | XOM: confuse monster(s)
158183 | Lair:8   | XOM: confuse monster(s)
158206 | Lair:8   | XOM: confuse monster(s)
158209 | Lair:8   | XOM: cast spell 'Summon Swarm'
158502 | Lair:8   | Reached skill level 13 in Staves
158513 | Lair:8   | XOM: inner flame monster(s)
158755 | Lair:8   | XOM: confuse monster(s)
158764 | Lair:8   | XOM: 1-stop teleportation journey
158768 | Lair:8   | XOM: god gift: elven robe {god gift}
158770 | Lair:8   | XOM: god gift: 16 silver darts
158780 | Lair:8   | XOM: summons 13 friendly demons
158894 | Lair:8   | XOM: colour smoke trail
158898 | Lair:8   | XOM: 1-stop teleportation journey
158921 | Lair:8   | XOM: blink monster(s)
159552 | Lair:8   | Reached XP level 14. HP: 103/103 MP: 21/21
159728 | Lair:8   | XOM: confuse monster(s)
159937 | Lair:8   | XOM: enchant monster (bad)
159938 | Lair:8   | Identified the amulet "Kuowk" {Faith rPois rF+ SInv} (Xom gifted it to you on level 1 of the Dungeon)
160036 | Lair:8   | XOM: colour smoke trail
160150 | Lair:6   | XOM: colour smoke trail
160396 | D:9      | Noticed Erolcha
160409 | D:9      | Killed Erolcha
160483 | D:9      | XOM: summons 2 hostile shadow creatures
160541 | D:9      | Noticed Eustachio
160573 | D:9      | Killed Eustachio
160573 | D:9      | Reached skill level 14 in Staves
160668 | D:9      | Found an ancient bone altar of Kikubaaqudgha.
160687 | D:9      | Noticed Psyche
160690 | D:9      | Paralysed by Psyche for 3 turns
160692 | D:9      | XOM: confuse monster(s)
160704 | D:9      | Killed Psyche
160723 | D:9      | Noticed Grum
160731 | D:9      | Killed Grum
160757 | D:9      | XOM: noise
160785 | D:9      | Got a fine platinum ring
160882 | D:9      | XOM: harmless Erth miscast
160943 | D:9      | Identified the ring "Zezeliw" {+Fly Dam+5 SInv} (You found it on level 9 of the Dungeon)
160991 | D:10     | Entered Level 10 of the Dungeon
161243 | D:10     | XOM: stat loss: -1 Str (18/19)
161286 | D:10     | Noticed Harold
161287 | D:10     | XOM: medium Divn miscast
161288 | D:10     | wow shit
161293 | D:10     | Paralysed by a giant eyeball for 3 turns
161297 | D:10     | Killed Harold
161392 | D:10     | XOM: severe Trmt miscast
161425 | D:10     | XOM: severe Hex miscast
161425 | D:10     | Paralysed by the severe capriciousness of Xom for 2 turns
161443 | D:10     | XOM: medium Chrm miscast
161479 | D:10     | XOM: noise
161524 | D:10     | XOM: potion effect (heal wounds)
161643 | D:10     | XOM: enchant monster (good)
162266 | D:11     | XOM: silly message
162313 | D:11     | XOM: enchant monster (good)
162351 | D:11     | Found Degac's Magic Scroll Emporium.
162360 | D:11     | Bought a scroll of teleportation for 39 gold pieces
162360 | D:11     | Bought a scroll of enchant weapon II for 71 gold pieces
162360 | D:11     | Bought a scroll of fear for 45 gold pieces
162360 | D:11     | Bought a scroll of enchant weapon I for 71 gold pieces
162360 | D:11     | Bought a scroll of acquirement for 676 gold pieces
162360 | D:11     | Bought a scroll of enchant weapon I for 71 gold pieces
162492 | D:11     | XOM: potion effect (speed)
162511 | D:11     | XOM: potion effect (invisibility)
162542 | D:11     | XOM: summons 6 hostile demons
162629 | D:11     | Found a staircase to the Orcish Mines.
162820 | D:11     | XOM: colour smoke trail
162930 | D:12     | XOM: cast spell 'Conjure Ball Lightning'
162944 | D:12     | XOM: summons 3 friendly demons
163373 | D:12     | XOM: cast spell 'Tukima's Dance'
163463 | D:12     | XOM: vitrification
163535 | D:12     | XOM: god gift: 19 sling bullets of frost
163766 | D:12     | XOM: polymorph giant frog -> ice beast
164294 | D:13     | XOM: inner flame monster(s)
164419 | D:13     | Reached skill level 15 in Staves
164668 | D:13     | XOM: divination: detect items
164720 | D:13     | XOM: summons friendly shadow imp
164722 | D:13     | XOM: blink monster(s)
164919 | D:13     | XOM: polymorph centaur -> steam dragon
164924 | D:13     | XOM: potion effect (invisibility)
165013 | D:14     | Entered Level 14 of the Dungeon
165029 | D:14     | Noticed Soadreqm's ghost (powerful DEWz)
165045 | D:14     | XOM: inner flame monster(s)
165135 | D:14     | XOM: summons 14 friendly demons
165140 | D:14     | Killed Soadreqm's ghost
165327 | D:14     | XOM: stat loss: -1 Str (18/19)
165342 | D:14     | Found Otiem's Antique Armour Boutique.
165386 | D:14     | XOM: divination: magic mapping
165435 | D:14     | Reached skill level 5 in Evocations
165459 | D:14     | Found a blossoming altar of Fedhas.
165468 | D:14     | Paralysed by a giant eyeball for 3 turns
165548 | D:14     | XOM: confuse monster(s)
165563 | D:14     | XOM: summons 10 friendly demons
165690 | D:14     | XOM: god gift: quarterstaff {god gift}
165710 | D:14     | XOM: summons 4 friendly demons
166037 | D:14     | XOM: enchant monster (good)
166047 | D:14     | XOM: cast spell 'Dispersal'
166049 | D:14     | XOM: swap monsters
166050 | D:14     | XOM: enchant monster (good)
166310 | D:14     | XOM: summons 6 friendly demons
166315 | D:14     | XOM: inner flame monster(s)
166393 | D:14     | XOM: vitrification
166514 | D:14     | XOM: god gift: crooked glowing rod {god gift}
166516 | D:14     | Identified a +4 rod of the swarm (10/10) (Xom gifted it to you on level 14 of the Dungeon)
166682 | D:15     | Entered Level 15 of the Dungeon
166717 | D:15     | XOM: enchant monster (good)
166718 | D:15     | XOM: summons 4 friendly demons
166751 | D:15     | XOM: polymorph crimson imp -> lemure
166788 | D:15     | XOM: noise
166827 | D:15     | XOM: mild Fire miscast
166855 | D:15     | XOM: scenery: create altars
166869 | D:15     | XOM: god gift: 19 poisoned bolts
166999 | D:15     | XOM: 9-stop teleportation journey
167020 | D:15     | XOM: vitrification
167087 | D:15     | Reached XP level 15. HP: 76/111 MP: 24/24
167216 | D:15     | Found a portal to a secret trove of treasure.
167254 | D:15     | XOM: confuse monster(s)
167256 | D:15     | XOM: blink monster(s)
167265 | D:15     | Reached skill level 10 in Fighting
167306 | D:15     | XOM: polymorph active ballistomycete -> giant spore
167332 | D:15     | XOM: medium Trmt miscast
167398 | D:15     | XOM: medium Chrm miscast
167720 | D:15     | XOM: mild Necr miscast
167762 | D:15     | XOM: polymorph very large slime creature -> dragon
167872 | D:15     | XOM: harmless Divn miscast
167880 | D:16     | XOM: mild Hex miscast
167883 | D:16     | XOM: harmless Trmt miscast
167884 | D:16     | Noticed Sonja
167889 | D:16     | XOM: confusion (+ monsters)
167953 | D:15     | XOM: summons 1 hostile demon
168039 | D:15     | XOM: medium Hex miscast
168121 | D:16     | Killed Sonja
168134 | D:16     | XOM: 1-stop teleportation journey
168149 | D:16     | XOM: noise
168173 | D:16     | XOM: colour smoke trail
168515 | D:16     | Found a staircase to the Vaults.
168588 | D:16     | XOM: summons friendly quasit
168643 | D:16     | XOM: mild Necr miscast
168683 | D:16     | Noticed Kirke
168698 | D:16     | Killed Kirke
168699 | D:16     | XOM: noise
168934 | D:16     | XOM: summons friendly white imp
169211 | D:12     | XOM: colour smoke trail
169389 | D:8      | XOM: silly message
169490 | Lair:1   | XOM: summons 7 hostile demons
169502 | Lair:1   | XOM: scenery: 1 doors open
169511 | Lair:1   | XOM: god gift: blackened sapphire ring {god gift}
169749 | D:6      | XOM: scenery: 1 doors close
170469 | D:13     | XOM: vitrification
170506 | D:13     | XOM: swap monsters
171639 | D:16     | Noticed Aizul
171641 | D:16     | XOM: polymorph human -> crocodile
171647 | D:16     | XOM: confuse monster(s)
171657 | D:16     | XOM: inner flame monster(s)
171662 | D:16     | XOM: summons friendly ufetubus
171676 | D:16     | Killed Aizul
171807 | D:16     | Found Pleem's Antique Weapon Emporium.
171940 | D:16     | XOM: colour smoke trail
172253 | D:17     | XOM: mild Tloc miscast
172279 | D:17     | XOM: enchant monster (good)
172339 | D:17     | XOM: harmless Necr miscast
172420 | D:17     | XOM: confuse monster(s)
172429 | D:17     | XOM: harmless Trmt miscast
172843 | D:17     | XOM: confusion (+ monsters)
172912 | D:17     | XOM: harmless Conj miscast
173041 | D:17     | Found a basalt altar of Yredelemnul.
173203 | D:18     | XOM: mild Necr miscast
173416 | D:18     | Found a frozen archway.
173446 | IceCv    | Entered an ice cave
173446 | IceCv    | XOM: divination: detect creatures
173456 | IceCv    | XOM: potion effect (might)
173460 | IceCv    | XOM: potion effect (invisibility)
173484 | IceCv    | XOM: harmless Chrm miscast
173491 | IceCv    | XOM: potion effect (brilliance)
173538 | IceCv    | Got a distressingly furry plate armour
173704 | IceCv    | Identified the +5 plate armour of Qoasui Xeta {+Inv rElec} (You found it in an ice cave)
173749 | D:18     | XOM: harmless Hex miscast
173772 | D:18     | XOM: silly message
173779 | D:18     | XOM: enchant monster (good)
174001 | D:18     | XOM: harmless Conj miscast
174024 | D:18     | XOM: mild Ice miscast
174176 | D:18     | XOM: harmless Summ miscast
174276 | D:18     | XOM: harmless Necr miscast
174386 | D:18     | XOM: polymorph cyan ugly thing -> lindwurm
174402 | D:18     | XOM: inner flame monster(s)
174467 | D:18     | XOM: summons 2 hostile shadow creatures
174622 | D:18     | XOM: noise
174624 | D:18     | XOM: enchant monster (bad)
174729 | D:18     | XOM: divination: detect creatures
174788 | D:18     | XOM: harmless Tloc miscast
174833 | D:18     | XOM: noise
174845 | D:18     | XOM: potion effect (might)
174856 | D:18     | XOM: potion effect (brilliance)
174893 | D:18     | XOM: confuse monster(s)
175063 | D:18     | XOM: harmless Fire miscast
175187 | D:18     | XOM: scenery: create altars
175313 | D:18     | XOM: mild Erth miscast
175314 | D:18     | XOM: medium Ice miscast
175351 | D:19     | Reached XP level 16. HP: 68/122 MP: 28/28
175356 | D:18     | XOM: noise
175371 | D:18     | XOM: potion effect (heal wounds)
175567 | D:18     | XOM: colour smoke trail
175594 | D:19     | XOM: noise
175870 | D:19     | Found a snail-covered altar of Cheibriados.
175919 | D:19     | XOM: confusion (+ monsters)
175938 | D:19     | XOM: mild Tloc miscast
175953 | D:19     | XOM: colour smoke trail
176280 | D:19     | XOM: confuse monster(s)
176300 | D:19     | XOM: blink monster(s)
176370 | D:19     | XOM: colour smoke trail
176622 | D:19     | XOM: colour smoke trail
176628 | D:20     | Entered Level 20 of the Dungeon
176716 | D:20     | XOM: summons 3 hostile shadow creatures
176897 | D:20     | XOM: mild Divn miscast
177072 | D:20     | XOM: 1-stop teleportation journey
177183 | D:20     | XOM: summons 7 friendly demons
177185 | D:20     | XOM: enchant monster (good)
177189 | D:20     | XOM: confusion (+ monsters)
177208 | D:20     | XOM: colour smoke trail
177311 | D:20     | XOM: god gift: 18 gold pieces
177631 | D:20     | XOM: polymorph centaur -> jelly
177676 | D:20     | XOM: mild Fire miscast
177766 | D:20     | XOM: mild Divn miscast
177859 | D:20     | XOM: mild Tloc miscast
177889 | D:20     | XOM: colour smoke trail
178050 | D:21     | Found Seacien's Magic Scroll Boutique.
178060 | D:21     | Bought a scroll of enchant weapon III for 220 gold pieces
178060 | D:21     | Bought a scroll of vulnerability for 82 gold pieces
178060 | D:21     | Bought a scroll of identify for 22 gold pieces
178060 | D:21     | Bought a scroll of identify for 22 gold pieces
178060 | D:21     | Bought a scroll of identify for 22 gold pieces
178060 | D:21     | Bought a scroll of identify for 22 gold pieces
178075 | D:21     | Found a one-way gate to the infinite horrors of the Abyss.
178093 | D:21     | XOM: harmless Fire miscast
178162 | D:21     | Got a pair of brightly glowing gloves
178166 | D:21     | Identified the -2 pair of gloves of the Demon Prince {rN+ MR++} (You acquired it on level 21 of the Dungeon)
178196 | D:21     | Got a crude plate armour
178219 | D:21     | Identified the cursed +1 plate armour "Streo" {rElec MR+ SInv} (You found it on level 21 of the Dungeon)
178267 | D:21     | Found Ghain's Antique Weapon Emporium.
178272 | D:21     | XOM: blink monster(s)
178286 | D:21     | Reached skill level 10 in Evocations
178319 | D:21     | Found Asuah's Magical Wand Boutique.
178331 | D:21     | Bought a wand of teleportation (2) for 414 gold pieces
178376 | D:21     | XOM: chaos upgrade
178381 | D:21     | XOM: blink monster(s)
178709 | D:21     | Found a one-way gate leading to the halls of Pandemonium.
178720 | D:21     | Found Stuna's Armour Shop.
178720 | D:21     | XOM: medium Hex miscast
178803 | D:21     | XOM: summons 1 hostile demon
178804 | D:21     | XOM: god gift: 7 stones
179132 | D:21     | XOM: swap monsters
179136 | D:21     | XOM: potion effect (brilliance)
179161 | D:21     | Found a gateway to Hell.
179296 | D:21     | XOM: swap monsters
179300 | D:21     | XOM: potion effect (agility)
179326 | D:21     | XOM: colour smoke trail
179517 | D:21     | XOM: colour smoke trail
179524 | D:21     | XOM: divination: detect creatures
179582 | D:22     | XOM: god gift: 49 gold pieces
179585 | D:22     | XOM: enchant monster (good)
179616 | D:22     | XOM: confusion
179618 | D:22     | XOM: medium Erth miscast
179628 | D:22     | XOM: confuse monster(s)
179753 | D:22     | XOM: colour smoke trail
179775 | D:22     | XOM: summons friendly shadow imp
179776 | D:22     | XOM: enchant monster (bad)
179777 | D:22     | XOM: severe Chrm miscast
179836 | D:22     | XOM: polymorph shadow imp -> crimson imp
179876 | D:22     | XOM: vitrification
179883 | D:22     | XOM: cast spell 'Summon Hydra'
179899 | D:22     | XOM: mild Necr miscast
179905 | D:22     | XOM: 2-stop teleportation journey
179907 | D:22     | XOM: enchant monster (good)
179911 | D:22     | Noticed a tentacled monstrosity
179911 | D:22     | XOM: polymorph frost giant -> shadow dragon
179920 | D:22     | Killed a tentacled monstrosity
179922 | D:22     | XOM: confusion
179923 | D:22     | oh fuck you xom
179926 | D:22     | XOM: enchant monster (bad)
179927 | D:22     | XOM: harmless Trmt miscast
180085 | D:22     | XOM: 4-stop teleportation journey
180188 | D:22     | XOM: confusion (+ monsters)
180261 | D:22     | XOM: silly message
180369 | D:22     | XOM: polymorph ogre -> orb spider
180372 | D:22     | XOM: divination: detect creatures
180373 | D:22     | XOM: blink monster(s)
180378 | D:22     | XOM: blink monster(s)
180384 | D:22     | XOM: noise
180393 | D:22     | XOM: confusion
180400 | D:22     | XOM: polymorph orc -> giant centipede
180421 | D:22     | XOM: chaos upgrade
180826 | D:22     | XOM: 2-stop teleportation journey
180854 | D:22     | XOM: noise
180862 | D:22     | Reached XP level 17. HP: 42/132 MP: 30/30
180864 | D:22     | XOM: summons friendly white imp
180868 | D:22     | XOM: blink monster(s)
180946 | D:22     | XOM: enchant monster (bad)
181244 | D:21     | XOM: scenery: 2 doors close
181505 | D:22     | XOM: divination: magic mapping
181590 | D:22     | XOM: blink monster(s)
181886 | D:21     | XOM: divination: detect creatures
181916 | D:21     | XOM: noise
182072 | D:17     | XOM: god gift: 24 stones
182238 | D:13     | XOM: scenery: create altars
182311 | D:11     | XOM: colour smoke trail
182329 | D:10     | XOM: vitrification
182445 | Lair:2   | XOM: harmless Erth miscast
182553 | Lair:5   | XOM: god gift: scroll of enchant weapon II
182592 | Snake:1  | Entered Level 1 of the Snake Pit
182599 | Snake:1  | XOM: cast spell 'Summon Ice Beast'
182799 | Snake:1  | XOM: harmless Necr miscast
182842 | Snake:1  | XOM: god gift: slimy silvery potion
182855 | Snake:1  | XOM: mild Ice miscast
182934 | Snake:1  | XOM: noise
182941 | Snake:1  | XOM: harmless Chrm miscast
183002 | Snake:1  | XOM: summons 4 hostile demons
183164 | Snake:1  | XOM: medium Erth miscast
183225 | Snake:1  | XOM: polymorph naga mage -> baby alligator
183402 | Snake:1  | Noticed Snorg
183403 | Snake:1  | XOM: enchant monster (good)
183404 | Snake:1  | XOM: enchant monster (good)
183407 | Snake:1  | XOM: confuse monster(s)
183419 | Snake:1  | Killed Snorg
183658 | Snake:1  | XOM: colour smoke trail
183709 | Snake:2  | XOM: enchant monster (good)
183712 | Snake:2  | XOM: divination: magic mapping
183738 | Snake:2  | XOM: confuse monster(s)
183793 | Snake:2  | XOM: confuse monster(s)
183905 | Snake:2  | XOM: harmless Ice miscast
184032 | Snake:2  | XOM: colour smoke trail
184118 | Snake:2  | XOM: divination: detect creatures
184413 | Lair:6   | XOM: mild Trmt miscast
184438 | Lair:5   | XOM: 1-stop teleportation journey
184545 | Lair:3   | XOM: cast spell 'Flight'
185010 | D:14     | XOM: vitrification
185054 | D:15     | XOM: god gift: colourful book {god gift}
185055 | D:15     | Identified Nereaphe's Volume of the Lost Stars (Xom gifted it to you on level 15 of the Dungeon)
185086 | Trove    | Entered a treasure trove
185095 | Trove    | Got a warped helmet
185099 | Trove    | Identified the +0 helmet "Vopho" {Stlth--} (You found it in a treasure trove)
185113 | Trove    | Got a jewelled helmet
185117 | Trove    | Identified the +0 helmet "Gypim" {Dex-1 Stlth- Curse} (You found it in a treasure trove)
185117 | Trove    | wow jesus this trove sucks
185126 | Trove    | Got a faintly glowing plate armour
185150 | Trove    | Identified the -2 plate armour "Dun Liof" {+Fly Dex+2 Int+4 Stlth++} (You found it in a treasure trove)
185175 | Trove    | bluuuurgh
185177 | Trove    | Got an ichor-stained crystal plate armour
185204 | Trove    | Identified the +12 crystal plate armour of Juihol {+Blink Dam+2} (You found it in a treasure trove)
185205 | Trove    | about time too
185215 | Trove    | Got a pair of brightly glowing boots
185220 | Trove    | Got a pair of pitted gloves
185235 | Trove    | Identified the +2 pair of gloves of the Eight Seas {+Rage rF++ SInv} (You found it in a treasure trove)
185235 | Trove    | alright, good trove
185241 | Trove    | Identified the +0 pair of boots "Khodoun" {Dam+4} (You found it in a treasure trove)
185372 | D:18     | XOM: inner flame monster(s)
185575 | D:12     | XOM: god gift: scroll of curse armour
185595 | D:11     | XOM: vitrification
185811 | D:6      | XOM: god gift: 13 arrows of flame
185940 | D:10     | XOM: god gift: 37 gold pieces
185974 | D:11     | XOM: god gift: encrusted sapphire ring {god gift}
186063 | Orc:1    | Entered Level 1 of the Orcish Mines
186074 | Orc:1    | XOM: god gift: 21 gold pieces
186100 | Orc:1    | Noticed Maurice
186105 | Orc:1    | XOM: repel stairs
186138 | Orc:1    | Killed Maurice
186146 | Orc:1    | Noticed Edmund
186146 | Orc:1    | XOM: colour smoke trail
186165 | Orc:1    | Killed Edmund
186501 | Orc:2    | Noticed Fannar
186518 | Orc:2    | Killed Fannar
186627 | Orc:3    | Found Hagaeh's Distillery.
186668 | Orc:3    | XOM: medium Erth miscast
186845 | Orc:3    | Found Qonifilo's Antique Weapon Boutique.
186864 | Orc:3    | Found Hizailaa's Gadget Emporium.
186888 | Orc:3    | Found Proythro's Magical Wand Boutique.
186908 | Orc:3    | Found Threwuni's Antique Weapon Boutique.
186961 | Orc:3    | Bought a wand of heal wounds (3) for 630 gold pieces
186961 | Orc:3    | Bought a wand of teleportation (3) for 315 gold pieces
187178 | Orc:4    | Entered Level 4 of the Orcish Mines
187323 | Orc:4    | XOM: god gift: 36 gold pieces
187361 | Orc:4    | Found a labyrinth entrance.
187361 | Orc:4    | XOM: noise
187368 | Orc:4    | XOM: enchant monster (good)
187370 | Orc:4    | Found Twywkog's Armour Shop.
187370 | Orc:4    | Found Xumaaxul's Jewellery Shoppe.
187371 | Orc:4    | Found Agorianu's Jewellery Shoppe.
187371 | Orc:4    | Found Twecwir's Weapon Boutique.
187396 | Orc:4    | XOM: silly message
187397 | Orc:4    | XOM: potion effect (heal wounds)
187402 | Orc:4    | XOM: harmless Hex miscast
187418 | Orc:4    | XOM: confuse monster(s)
187495 | Lab      | Entered a labyrinth
187819 | Lab      | XOM: scenery: create altars
187925 | Lab      | Reached skill level 15 in Fighting
188115 | Orc:4    | XOM: god gift: 6 curare-tipped needles
188119 | Orc:4    | Found a staircase to the Elven Halls.
188308 | Orc:4    | Noticed Donald
188311 | Orc:4    | XOM: harmless Tloc miscast
188312 | Orc:4    | XOM: swap weapons
188318 | Orc:4    | Killed Donald
188455 | Orc:4    | XOM: colour smoke trail
188515 | Orc:3    | XOM: noise
188627 | Orc:1    | XOM: mild Chrm miscast
188665 | Orc:2    | XOM: harmless Chrm miscast
188779 | Orc:2    | Noticed Urug
188784 | Orc:2    | XOM: 1-stop teleportation journey
188807 | Orc:2    | XOM: summons friendly white imp
188812 | Orc:2    | Killed Urug
188995 | Orc:1    | XOM: harmless Pois miscast
188998 | Orc:1    | XOM: chaos upgrade
189072 | Orc:1    | XOM: mild Summ miscast
189332 | D:8      | XOM: divination: detect creatures
189574 | Snake:3  | Noticed Mara
189584 | Snake:3  | XOM: confuse monster(s)
189602 | Snake:3  | Killed Mara
189625 | Snake:3  | XOM: god gift: 2 needles of sleeping
189687 | Snake:3  | XOM: enchant monster (good)
189694 | Snake:3  | Cast into the Abyss (naga)
189695 | Abyss:1  | urgh screw you
189738 | Snake:3  | Escaped the Abyss
190505 | Snake:3  | XOM: vitrification
190559 | Snake:4  | XOM: confuse monster(s)
190566 | Snake:4  | XOM: potion effect (agility)
190570 | Snake:4  | XOM: confusion
190572 | Snake:4  | XOM: harmless Summ miscast
190579 | Snake:4  | XOM: harmless Pois miscast
190584 | Snake:4  | XOM: cast spell 'Olgreb's Toxic Radiance'
190588 | Snake:4  | XOM: confuse monster(s)
190590 | Snake:4  | XOM: summons 3 friendly demons
190685 | Snake:4  | Noticed Lamia
190696 | Snake:4  | XOM: summons 5 friendly demons
190707 | Snake:4  | Killed Lamia
190707 | Snake:4  | Reached skill level 16 in Fighting
191107 | Snake:4  | XOM: polymorph naga warrior -> moth of wrath
191114 | Snake:4  | XOM: cast spell 'Summon Swarm'
191147 | Snake:4  | XOM: cast spell 'Olgreb's Toxic Radiance'
191171 | Snake:4  | XOM: enchant monster (good)
191431 | Snake:4  | XOM: confuse monster(s)
191478 | Snake:4  | XOM: mild Conj miscast
191510 | Snake:4  | XOM: summons friendly quasit
191578 | Snake:4  | Identified a +8 rod of inaccuracy (14/14) (You found it in a labyrinth)
191676 | Snake:5  | Entered Level 5 of the Snake Pit
191713 | Snake:5  | Reached XP level 18. HP: 136/146 MP: 31/31
191806 | Snake:5  | Noticed Jory
191809 | Snake:5  | XOM: chaos upgrade
191811 | Snake:5  | XOM: swap monsters
191827 | Snake:5  | XOM: confusion (+ monsters)
191828 | Snake:5  | oh fuck oh fuck
191835 | Snake:5  | XOM: potion effect (invisibility)
191838 | Snake:5  | XOM: noise
191842 | Snake:5  | oh god
191863 | Snake:5  | Killed Jory
192190 | Snake:5  | XOM: cast spell 'Ring of Flames'
192803 | Snake:5  | Reached skill level 17 in Fighting
193188 | Snake:5  | Got a serpentine rune of Zot
193294 | Snake:5  | XOM: mild Ice miscast
193687 | Shoals:1 | Entered Level 1 of the Shoals
193806 | Shoals:1 | XOM: summons friendly lemure
193835 | Shoals:1 | XOM: silly message
193866 | Shoals:1 | XOM: 2-stop teleportation journey
193867 | Shoals:1 | Noticed Nessos
193871 | Shoals:1 | Killed Nessos
193893 | Shoals:1 | XOM: mild Summ miscast
194538 | Shoals:1 | Noticed Maud
194549 | Shoals:1 | Killed Maud
194677 | Shoals:1 | XOM: medium Conj miscast
194725 | Shoals:1 | XOM: inner flame monster(s)
194982 | Shoals:2 | XOM: swap monsters
194986 | Shoals:2 | Reached skill level 18 in Fighting
195188 | Shoals:2 | XOM: enchant monster (good)
195209 | Shoals:2 | Got a flickering copper ring
195251 | Shoals:2 | Identified the ring "Shroykat" {Contam +Fly rPois MR++} (You found it on level 2 of the Shoals)
195364 | Shoals:2 | XOM: god gift: square filigree amulet {god gift}
195542 | Shoals:3 | XOM: swap monsters
195571 | Shoals:3 | XOM: silly message
195604 | Shoals:3 | XOM: enchant monster (good)
195761 | Shoals:3 | XOM is BORED!
195761 | Shoals:3 | XOM: summons 9 hostile demons
195865 | Shoals:3 | XOM: harmless Necr miscast
195969 | Shoals:4 | XOM: 1-stop teleportation journey
195978 | Shoals:4 | XOM: summons 12 friendly demons
196031 | Shoals:4 | XOM: enchant monster (good)
196214 | Shoals:4 | XOM: summons 3 friendly demons
196540 | Shoals:5 | Entered Level 5 of the Shoals
196573 | Shoals:5 | Noticed Ilsuiw
196576 | Shoals:5 | XOM: 4-stop teleportation journey
196600 | Shoals:5 | Reached skill level 19 in Fighting
196603 | Shoals:5 | XOM: summons friendly iron imp
196647 | Shoals:5 | Noticed Ilsuiw
196647 | Shoals:5 | Ilsuiw changed into Ilsuiw the fire giant
196647 | Shoals:5 | XOM: polymorph Ilsuiw -> Ilsuiw the fire giant
196648 | Shoals:5 | :D
196655 | Shoals:5 | XOM: confuse monster(s)
196706 | Shoals:5 | XOM: summons 1 hostile demon
196783 | Shoals:5 | XOM: vitrification
197010 | Shoals:4 | XOM: silly message
197016 | Shoals:5 | XOM: divination: detect items
197029 | Shoals:5 | XOM: confusion
197113 | Shoals:4 | XOM: polymorph plant -> plant
197203 | Shoals:5 | Noticed Margery
197237 | Shoals:5 | XOM: summons friendly iron imp
197252 | Shoals:5 | Killed Margery
197455 | Shoals:5 | XOM: cast spell 'Summon Hydra'
197479 | Shoals:5 | XOM: polymorph sea snake -> giant slug
197486 | Shoals:5 | XOM: divination: detect items
197547 | Shoals:5 | Reached XP level 19. HP: 153/161 MP: 32/32
197552 | Shoals:5 | XOM: enchant monster (good)
197642 | Shoals:5 | XOM: snakes to sticks
197716 | Shoals:5 | Identified A Primer on Rites and Rhymes
197717 | Shoals:5 | Got a barnacled rune of Zot
197793 | Shoals:5 | XOM: inner flame monster(s)
198084 | Shoals:5 | XOM: vitrification
198094 | Shoals:5 | XOM: summons friendly quasit
198301 | Shoals:5 | Found an ancient bone altar of Kikubaaqudgha.
198302 | Shoals:5 | XOM: polymorph merfolk javelineer -> alligator
198312 | Shoals:5 | XOM: confuse monster(s)
198452 | Shoals:5 | XOM: silly message
198457 | Shoals:5 | XOM: mild Conj miscast
198470 | Shoals:5 | Killed Ilsuiw the fire giant
198470 | Shoals:5 | Reached skill level 20 in Fighting
198518 | Shoals:5 | XOM: mild Summ miscast
198555 | Shoals:5 | XOM: stat loss: -1 Dex (10/11)
198848 | Shoals:5 | XOM: mild Pois miscast
198903 | Shoals:4 | XOM: divination: detect creatures
199017 | Shoals:1 | XOM: colour smoke trail
199345 | D:13     | XOM: harmless Necr miscast
199473 | Vaults:1 | Entered Level 1 of the Vaults
199485 | Vaults:1 | XOM: cast spell 'Flight'
199639 | Vaults:1 | XOM: silly message
199808 | Vaults:1 | XOM: confusion (+ monsters)
199836 | Vaults:1 | XOM: summons friendly ufetubus
200131 | Vaults:1 | XOM: potion effect (speed)
200498 | Vaults:1 | XOM: divination: detect items
200529 | Vaults:1 | XOM: silly message
200596 | Vaults:1 | XOM: confuse monster(s)
200660 | Vaults:1 | XOM: noise
200663 | Vaults:1 | XOM: 2-stop teleportation journey
200911 | Vaults:1 | Reached skill level 21 in Fighting
200944 | Vaults:1 | XOM: confuse monster(s)
201104 | Vaults:1 | XOM: potion effect (brilliance)
201137 | Vaults:1 | XOM: potion effect (agility)
201154 | Vaults:1 | XOM: silly message
201194 | Vaults:1 | Found Craraum's Armour Shop.
201670 | Vaults:2 | Found Hukky's Weapon Emporium.
201697 | Vaults:2 | XOM: potion effect (heal wounds)
201792 | Vaults:2 | XOM: divination: detect items
201900 | Vaults:2 | Found a staircase to the Crypt.
201928 | Vaults:2 | XOM: divination: magic mapping
202093 | Vaults:2 | Noticed Sojobo
202097 | Vaults:2 | XOM: medium Chrm miscast
202120 | Vaults:2 | Killed Sojobo
202607 | Vaults:2 | XOM: scenery: 1 doors open
203010 | Vaults:2 | XOM is BORED!
203010 | Vaults:2 | XOM: blink monster(s)
203035 | Vaults:2 | XOM: vitrification
203043 | Vaults:2 | Reached XP level 20. HP: 120/175 MP: 33/33
203286 | Vaults:2 | Reached skill level 22 in Fighting
203287 | Vaults:2 | XOM: blink monster(s)
203290 | Vaults:2 | XOM: summons 2 friendly demons
203304 | Vaults:2 | XOM: inner flame monster(s)
203772 | Vaults:2 | XOM: divine lightning
203776 | Vaults:2 | XOM: vitrification
203804 | Vaults:2 | XOM: confuse monster(s)
203821 | Vaults:2 | XOM: summons friendly shadow imp
204088 | Vaults:2 | XOM: chaos upgrade
204101 | Vaults:2 | XOM: summons friendly quasit
204484 | Vaults:3 | XOM: polymorph slime creature -> wolf spider
204489 | Vaults:3 | XOM: 6-stop teleportation journey
204530 | Vaults:3 | XOM: cast spell 'Cause Fear'
204533 | Vaults:3 | XOM: 4-stop teleportation journey
204538 | Vaults:3 | XOM: summons friendly quasit
204550 | Vaults:3 | XOM: mild Hex miscast
204580 | Vaults:3 | XOM: enchant monster (good)
204843 | Vaults:3 | XOM: 1-stop teleportation journey
205077 | Vaults:3 | XOM: noise
205170 | Vaults:3 | XOM: 7-stop teleportation journey
205183 | Vaults:3 | XOM: potion effect (speed)
205417 | Vaults:3 | XOM: 2-stop teleportation journey
205525 | Vaults:3 | Found a staircase to the Hall of Blades.
205536 | Blade    | Entered the Hall of Blades
205638 | Blade    | XOM: god gift: bread ration
205642 | Blade    | XOM: summons 10 friendly demons
205661 | Blade    | XOM: divine lightning (protected)
205667 | Blade    | XOM: summons 10 friendly demons
205673 | Blade    | Reached skill level 23 in Fighting
205676 | Blade    | XOM: mild Tloc miscast
205679 | Blade    | oh jesus
205680 | Blade    | XOM: noise
205686 | Blade    | XOM: confusion
205687 | Blade    | rip
205698 | Blade    | XOM: blink monster(s)
205707 | Blade    | Slain by a great mace of protection

Action                   |  1- 3 |  4- 6 |  7- 9 | 10-12 | 13-15 | 16-18 | 19-21 || total
-------------------------+-------+-------+-------+-------+-------+-------+-------++-------
Melee: Spear             |   137 |   185 |     3 |       |       |       |       ||   325
       Halberd           |       |    75 |   601 |       |       |       |       ||   676
       Lajatang          |       |       |    87 |  1134 |  2091 |  2833 |  1332 ||  7477
       Rod               |       |       |     4 |    22 |    21 |    17 |       ||    64
       Unarmed           |       |       |       |       |     2 |       |       ||     2
Throw: Javelin           |       |       |       |       |     2 |     3 |       ||     5
 Abil: Evoke Blink       |       |       |       |       |       |     4 |     2 ||     6
Evoke: Wand              |       |     1 |    12 |     8 |    15 |    18 |     8 ||    62
       Rod               |       |       |     5 |    18 |    38 |    31 |     6 ||    98
       Miscellaneous     |       |       |     2 |     3 |     3 |     4 |     2 ||    14
  Use: Scroll            |     6 |     5 |    13 |    22 |    19 |    34 |     5 ||   104
 Stab: Confused          |     2 |       |       |     6 |    11 |    17 |     6 ||    42
       Paralysed         |       |     6 |       |       |     2 |     7 |       ||    15
       Sleeping          |       |     2 |     8 |       |       |     1 |       ||    11
       Petrifying        |       |     1 |       |     1 |     2 |     1 |     1 ||     6
       Distracted        |       |       |     2 |     3 |     3 |     5 |     3 ||    16
       Fleeing           |       |       |     1 |       |     2 |       |       ||     3
       Invisible         |       |       |       |     1 |    11 |     1 |       ||    13
       Petrified         |       |       |       |       |       |     1 |       ||     1
